Workbook

Sheet BankRec
A1: Strensall with Towthorpe Parish Council
A3: Bank Reconciliation as at 31 March 2024
A5: Balance b/f 01 April 2023 | G5: 198664.12
A7: Add receipts | G7: =Receipts!E6 -> 81540.66
G9: =G5+G7 -> 280204.78
A11: Less payments | G11: =Payments!F7 -> 71603.71
A13: Balance c/f 31 March 2024 | G13: =G9-G11 -> 208601.07
A17: Balance at bank and in hand: | F17: A/c No
A19: Treasurers | D19: 91057.42 | F19: 11104098
A20: Contingency | D20: 64709.18 | F20: 93981827
A21: Premium | D21: 19638.23 | F21: 22422018
A22: Cemetery | D22: 8226.24 | F22: 03839958
A23: Premium Bonds | D23: 10000 | F23: 30712310
A24: Contingency Bonds | D24: 15000 | F24: 90712515
D25: =SUM(D19:D24) -> 208631.07
A27: Unpresented items:
A29: Ref | B29: Amount
A32: 201009 | D32: 30
B35: =SUM(B30:B34) -> 0 | D35: =SUM(D30:D34) -> 30 | G35: =D25+B35-D35 -> 208601.07 | I35: =G13-G35 -> 0
A40: Made Up of:
A42: Ring-fenced Funds: | C42: Cowslip Bridge | E42: 14000
C43: Neighbourhood Plan | E43: 0 | F43: =SUM(E42:E43) -> 14000
A45: Ear-Marked Funds: | C45: Tree Works | E45: =15000-Payments!AH7 -> 10484
C46: Grants | E46: =Grants!J23 -> 5491.64
C47: Play Area Maintenance | E47: =15000-Payments!AF7 -> 14666 | F47: =SUM(E45:E47) -> 30641.64
A49: General Reserve: | F49: =G35-F43-F47 -> 163959.43
A53: Good Practice = Precept x up to 2 = | D53: ='Inc&Exp'!F10*2 -> 108000 | F53: =F49-D53 -> 55959.43
A56: Note 1 | B56: Defibrillator donation paid into Cemetery A/c by mistake, so moved by bank transfer to Treasurer A/c

Sheet Receipts
A1: Strensall with Towthorpe P C | T1: Inc&Exp | U1: ='Inc&Exp'!F19+Q6 -> 81540.66
T2: S/b Zero | U2: =U1-E6 -> 0
A3: RECEIPTS 2023-2024
O4: Cost
A5: Date | B5: Description | C5: Account | D5: Reference | E5: Amount | G5: Interest | H5: Allotments | I5: Cemetery | J5: Precept | K5: DT | L5: S106 | M5: Ward | N5: VAT | O5: Repaid | P5: Misc | Q5: Transfers
E6: =SUM(E7:E2501) -> 81540.66 | G6: =SUM(G7:G1030) -> 2427.96 | H6: =SUM(H7:H1030) -> 387.5 | I6: =SUM(I7:I1029) -> 5042.5 | J6: =SUM(J7:J1029) -> 54000 | K6: =SUM(K7:K1029) -> 12590.25 | L6: =SUM(L7:L1029) -> 0 | M6: =SUM(M7:M1029) -> 0 | N6: =SUM(N7:N1029) -> 4433.55 | O6: =SUM(O7:O1029) -> 934 | P6: =SUM(P7:P1029) -> 1724.9 | Q6: =SUM(Q7:Q1029) -> 0 | R6: =E6-G6-H6-I6-J6-K6-L6-M6-N6-P6-Q6 -> 934
A7: 45033 | B7: Gross Interest | C7: Contingency | D7: CR | E7: 69.14 | G7: 69.14 | R7: =E7-G7-H7-I7-J7-K7-L7-M7-N7-P7-Q7 -> 0
A8: 45063 | B8: Gross Interest | C8: Contingency | D8: CR | E8: 72.24 | G8: 72.24 | R8: =E8-G8-H8-I8-J8-K8-L8-M8-N8-P8-Q8 -> 0
A9: 45094 | B9: Gross Interest | C9: Contingency | D9: CR | E9: 77.6 | G9: 77.6 | R9: =E9-G9-H9-I9-J9-K9-L9-M9-N9-P9-Q9 -> 0
A10: 45100 | B10: Gross Interest | C10: Contingency | D10: CR | E10: 119.47 | G10: 119.47 | R10: =E10-G10-H10-I10-J10-K10-L10-M10-N10-P10-Q10 -> 0
A11: 45124 | B11: Gross Interest | C11: Contingency | D11: CR | E11: 80.8 | G11: 80.8 | R11: =E11-G11-H11-I11-J11-K11-L11-M11-N11-P11-Q11 -> 0
A12: 45155 | B12: Gross Interest | C12: Contingency | D12: CR | E12: 93.91 | G12: 93.91 | R12: =E12-G12-H12-I12-J12-K12-L12-M12-N12-P12-Q12 -> 0
A13: 45186 | B13: Gross Interest | C13: Contingency | D13: CR | E13: 100.37 | G13: 100.37 | R13: =E13-G13-H13-I13-J13-K13-L13-M13-N13-P13-Q13 -> 0
A14: 45192 | B14: Gross Interest | C14: Contingency | D14: CR | E14: 151.43 | G14: 151.43 | R14: =E14-G14-H14-I14-J14-K14-L14-M14-N14-P14-Q14 -> 0
A15: 45216 | B15: Gross Interest | C15: Contingency | D15: CR | E15: 101.26 | G15: 101.26 | R15: =E15-G15-H15-I15-J15-K15-L15-M15-N15-P15-Q15 -> 0
A16: 45247 | B16: Gross Interest | C16: Contingency | D16: CR | E16: 105.09 | G16: 105.09 | R16: =E16-G16-H16-I16-J16-K16-L16-M16-N16-P16-Q16 -> 0
A17: 45277 | B17: Gross Interest | C17: Contingency | D17: CR | E17: 102.02 | G17: 102.02 | R17: =E17-G17-H17-I17-J17-K17-L17-M17-N17-P17-Q17 -> 0
A18: 45283 | B18: Gross Interest | C18: Contingency | D18: CR | E18: 159.76 | G18: 159.76 | R18: =E18-G18-H18-I18-J18-K18-L18-M18-N18-P18-Q18 -> 0
... A38: 45382 | B38: Gross Interest | C38: Premium | D38: CR | E38: 32.14 | G38: 32.14 | R38: =E38-G38-H38-I38-J38-K38-L38-M38-N38-P38-Q38 -> 0
A39: 45040 | B39: Wilson - Plot D42 | C39: Cemetery | D39: CR | E39: 375 | I39: 375 | R39: =E39-G39-H39-I39-J39-K39-L39-M39-N39-P39-Q39 -> 0
A40: 45068 | B40: Penrose - Headstone - 220 | C40: Cemetery | D40: CR | E40: 95 | I40: 95 | R40: =E40-G40-H40-I40-J40-K40-L40-M40-N40-P40-Q40 -> 0
A41: 45083 | B41: Chapman - 221 | C41: Cemetery | D41: CR | E41: 187.5 | I41: 187.5 | R41: =E41-G41-H41-I41-J41-K41-L41-M41-N41-P41-Q41 -> 0
A42: 45083 | B42: Robson - 219 | C42: Cemetery | D42: CR | E42: 30 | I42: 30 | R42: =E42-G42-H42-I42-J42-K42-L42-M42-N42-P42-Q42 -> 0
A43: 45103 | B43: Chapman - Headstone - 221 | C43: Cemetery | D43: CR | E43: 122.5 | I43: 122.5 | R43: =E43-G43-H43-I43-J43-K43-L43-M43-N43-P43-Q43 -> 0
A44: 45189 | B44: Trimble - 222 | C44: Cemetery | D44: CR | E44: 172.5 | I44: 172.5 | R44: =E44-G44-H44-I44-J44-K44-L44-M44-N44-P44-Q44 -> 0
A45: 45189 | B45: Robson - 217 | C45: Cemetery | D45: CR | E45: 160 | I45: 160 | R45: =E45-G45-H45-I45-J45-K45-L45-M45-N45-P45-Q45 -> 0
A46: 44935 | B46: Hammond - 223 | C46: Cemetery | D46: CR | E46: 412.5 | I46: 412.5 | R46: =E46-G46-H46-I46-J46-K46-L46-M46-N46-P46-Q46 -> 0
A47: 45233 | B47: Barrett - 224 | C47: Cemetery | D47: CR | E47: 187.5 | I47: 187.5 | R47: =E47-G47-H47-I47-J47-K47-L47-M47-N47-P47-Q47 -> 0
A48: 45280 | B48: Collins - 225 | C48: Cemetery | D48: CR | E48: 172.5 | I48: 172.5 | R48: =E48-G48-H48-I48-J48-K48-L48-M48-N48-P48-Q48 -> 0
A49: 44936 | B49: Tippet - 226 | C49: Cemetery | D49: CR | E49: 187.5 | I49: 187.5 | R49: =E49-G49-H49-I49-J49-K49-L49-M49-N49-P49-Q49 -> 0
A50: 45323 | B50: Plant - 227 | C50: Cemetery | D50: CR | E50: 172.5 | I50: 172.5 | R50: =E50-G50-H50-I50-J50-K50-L50-M50-N50-P50-Q50 -> 0
... A56: 45378 | B56: Ives - 230 | C56: Cemetery | D56: CR | E56: 652.5 | I56: 652.5 | R56: =E56-G56-H56-I56-J56-K56-L56-M56-N56-P56-Q56 -> 0
A57: 45044 | B57: City of York Council - Precept | C57: Treasurers | D57: - | E57: 27000 | J57: 27000 | R57: =E57-G57-H57-I57-J57-K57-L57-M57-N57-P57-Q57 -> 0
A58: 45050 | B58: HMRC - VAT | C58: Treasurers | D58: - | E58: 377.43 | N58: 377.43 | R58: =E58-G58-H58-I58-J58-K58-L58-M58-N58-P58-Q58-O58 -> 0
A59: 45066 | B59: Allotment Rent | C59: Treasurers | D59: - | E59: 20 | H59: 20 | R59: =E59-G59-H59-I59-J59-K59-L59-M59-N59-P59-Q59-O59 -> 0
A60: 45086 | B60: YLCA - Refund of overpayment | C60: Treasurers | D60: - | E60: 934 | O60: 934 | R60: =E60-G60-H60-I60-J60-K60-L60-M60-N60-P60-Q60-O60 -> 0
A61: 45175 | B61: Allotment Rent | C61: Treasurers | D61: - | E61: 10 | H61: 10 | R61: =E61-G61-H61-I61-J61-K61-L61-M61-N61-P61-Q61-O61 -> 0
A62: 45189 | B62: Strensall Village Hall - Hedge Cutting Part Payment | C62: Treasurers | D62: - | E62: 150 | P62: 150 | R62: =E62-G62-H62-I62-J62-K62-L62-M62-N62-P62-Q62-O62 -> 0
A63: 45198 | B63: City of York Council - Precept | C63: Treasurers | D63: - | E63: 27000 | J63: 27000 | R63: =E63-G63-H63-I63-J63-K63-L63-M63-N63-P63-Q63-O63 -> 0
A64: 45223 | B64: HMRC - VAT | C64: Treasurers | D64: - | E64: 1016.52 | N64: 1016.52 | R64: =E64-G64-H64-I64-J64-K64-L64-M64-N64-P64-Q64-O64 -> 0
A65: 45239 | B65: HMRC - VAT | C65: Treasurers | D65: - | E65: 1883.31 | N65: 1883.31 | R65: =E65-G65-H65-I65-J65-K65-L65-M65-N65-P65-Q65-O65 -> 0
A66: 45296 | B66: Allotment Rent | C66: Treasurers | D66: - | E66: 7.5 | H66: 7.5 | R66: =E66-G66-H66-I66-J66-K66-L66-M66-N66-P66-Q66-O66 -> 0
A67: 45296 | B67: Allotment Rent | C67: Treasurers | D67: - | E67: 10 | H67: 10 | R67: =E67-G67-H67-I67-J67-K67-L67-M67-N67-P67-Q67-O67 -> 0
A68: 45296 | B68: Allotment Rent | C68: Treasurers | D68: - | E68: 15 | H68: 15 | R68: =E68-G68-H68-I68-J68-K68-L68-M68-N68-P68-Q68-O68 -> 0
A69: 45297 | B69: Allotment Rent | C69: Treasurers | D69: - | E69: 20 | H69: 20 | R69: =E69-G69-H69-I69-J69-K69-L69-M69-N69-P69-Q69-O69 -> 0
A70: 45298 | B70: Allotment Rent | C70: Treasurers | D70: - | E70: 10 | H70: 10 | R70: =E70-G70-H70-I70-J70-K70-L70-M70-N70-P70-Q70-O70 -> 0
A71: 45298 | B71: Allotment Rent | C71: Treasurers | D71: - | E71: 20 | H71: 20 | R71: =E71-G71-H71-I71-J71-K71-L71-M71-N71-P71-Q71-O71 -> 0
A72: 45299 | B72: Allotment Rent | C72: Treasurers | D72: - | E72: 20 | H72: 20 | R72: =E72-G72-H72-I72-J72-K72-L72-M72-N72-P72-Q72-O72 -> 0
A73: 45299 | B73: Allotment Rent | C73: Treasurers | D73: - | E73: 20 | H73: 20 | R73: =E73-G73-H73-I73-J73-K73-L73-M73-N73-P73-Q73-O73 -> 0
A74: 45299 | B74: Allotment Rent | C74: Treasurers | D74: - | E74: 10 | H74: 10 | R74: =E74-G74-H74-I74-J74-K74-L74-M74-N74-P74-Q74-O74 -> 0
A75: 45300 | B75: Allotment Rent | C75: Treasurers | D75: - | E75: 20 | H75: 20 | R75: =E75-G75-H75-I75-J75-K75-L75-M75-N75-P75-Q75-O75 -> 0
A76: 45301 | B76: Allotment Rent | C76: Treasurers | D76: - | E76: 7.5 | H76: 7.5 | R76: =E76-G76-H76-I76-J76-K76-L76-M76-N76-P76-Q76-O76 -> 0
A77: 45301 | B77: Allotment Rent | C77: Treasurers | D77: - | E77: 20 | H77: 20 | R77: =E77-G77-H77-I77-J77-K77-L77-M77-N77-P77-Q77-O77 -> 0
... A83: 45311 | B83: Allotment Rent | C83: Treasurers | D83: - | E83: 7.5 | H83: 7.5 | R83: =E83-G83-H83-I83-J83-K83-L83-M83-N83-P83-Q83-O83 -> 0
A84: 45312 | B84: Strensall Community Events Committee Donation | C84: Treasurers | D84: - | E84: 1464.9 | P84: 1464.9 | R84: =E84-G84-H84-I84-J84-K84-L84-M84-N84-P84-Q84-O84 -> 0
A85: 45314 | B85: Allotment Rent | C85: Treasurers | D85: - | E85: 20 | H85: 20 | R85: =E85-G85-H85-I85-J85-K85-L85-M85-N85-P85-Q85-O85 -> 0
A86: 45320 | B86: Allotment Rent | C86: Treasurers | D86: - | E86: 20 | H86: 20 | R86: =E86-G86-H86-I86-J86-K86-L86-M86-N86-P86-Q86-O86 -> 0
A87: 45324 | B87: HMRC Vat Rtn | C87: Treasurers | D87: - | E87: 1156.29 | N87: 1156.29 | R87: =E87-G87-H87-I87-J87-K87-L87-M87-N87-P87-Q87-O87 -> 0
A88: 45336 | B88: Allotment Rent | C88: Treasurers | D88: - | E88: 20 | H88: 20 | R88: =E88-G88-H88-I88-J88-K88-L88-M88-N88-P88-Q88-O88 -> 0
A89: 45371 | B89: City of York Council - Double Taxation | C89: Treasurers | D89: - | E89: 12590.25 | K89: 12590.25 | R89: =E89-G89-H89-I89-J89-K89-L89-M89-N89-P89-Q89-O89 -> 0
A90: 45376 | B90: SCYSA - Rent | C90: Treasurers | D90: - | E90: 60 | P90: 60 | R90: =E90-G90-H90-I90-J90-K90-L90-M90-N90-P90-Q90-O90 -> 0
A91: 45376 | B91: SCYSA - Rent | C91: Treasurers | D91: - | E91: 50 | P91: 50 | R91: =E91-G91-H91-I91-J91-K91-L91-M91-N91-P91-Q91-O91 -> 0
A92: 45377 | B92: Allotment Rent | C92: Treasurers | D92: - | E92: 20 | H92: 20 | R92: =E92-G92-H92-I92-J92-K92-L92-M92-N92-P92-Q92-O92 -> 0

Sheet Payments
A1: Strensall with Towthorpe P C | AX1: Inc&Exp | AY1: ='Inc&Exp'!F62+Payments!AR7 -> 71603.71
AX2: S/b Zero | AY2: =AY1-F7 -> 0
A3: PAYMENTS 2023-2024
A5: Date | B5: Payee | C5: Description | D5: Account | E5: Reference | F5: Amount | G5: Code 100 | H5: Code 101 | I5: Code 102 | J5: Code 103 | K5: Code 104 | L5: Code 105 | M5: Code 106 | N5: Code 107 | O5: Code 108 | P5: Code 109 | Q5: Code 110 | R5: Code 111 | S5: Code 113 | T5: Code 114 | U5: Code 201 | V5: Code 202 | W5: Code 203 | X5: Code 204 | Y5: Code 205 | Z5: Code 301 | AA5: Code 302 | AB5: Code 303 | AC5: Code 304 | AD5: Code 305 | AE5: Code 306 | AF5: Code 307 | AG5: Code 308 | AH5: Code 309 | AI5: Code 401 | AJ5: Code 402 | AK5: Code 403 | AL5: Code 404 | AM5: Code 405 | AN5: Code 406 | AO5: Code 408 | AP5: Code 409 | AQ5: Code 410 | AT5: S106 | AU5: S137 | AV5: VAT | AW5: =F7-AW6 -> 0 | AX5: VAT RTN
G6: Salary | H6: Telephone | I6: Office Exp | J6: Clerks Exp | K6: Cllr Exp | L6: Audit | M6: Insur | N6: Bank | O6: VH Hire | P6: Brit Legion | Q6: Training | R6: Leases | S6: HMRC | T6: NP | U6: YLCA | V6: CPRE | W6: Outreach | X6: River Foss | Y6: ICO | Z6: Defib | AA6: Grass | AB6: XmasTrees | AC6: Floral Displays | AD6: Grants/Donations | AE6: OpenSpace | AF6: Play | AG6: WarMemorial | AH6: Trees | AI6: Litter Bins | AJ6: Dog Bins | AK6: Noticeboards | AL6: Seats/Benches | AM6: Salt/Bins | AN6: BusShelters | AO6: Speedwatch | AP6: Grants | AQ6: Cemetery | AR6: Transfers | AW6: =SUM(G7:AV7) -> 71603.71 | AX6: =AV7-AX7 -> 0
F7: =SUM(F8:F975) -> 71603.71 | G7: =SUM(G8:G981) -> 13657.1 | H7: =SUM(H8:H981) -> 690.45 | I7: =SUM(I8:I981) -> 613.33 | J7: =SUM(J8:J981) -> 0 | K7: =SUM(K8:K981) -> 0 | L7: =SUM(L8:L981) -> 565 | M7: =SUM(M8:M981) -> 2900.86 | N7: =SUM(N8:N981) -> 128.8 | ... AU7: =SUM(AU8:AU981) -> 0 | AV7: =SUM(AV8:AV1000) -> 7455.77 | AW7: =SUM(AW8:AW2369) -> 0 | AX7: =SUM(AX8:AX1000) -> 7455.77
A8: 45033 | B8: City of York Council | C8: Annual Waste Collection | D8: Cemetery | E8: C1 | F8: 29.77 | AQ8: 29.77 | AW8: =F8-G8-H8-I8-J8-K8-L8-M8-N8-O8-P8-Q8-R8-S8-T8-U8-V8-W8-X8-Y8-Z8-AA8-AB8-AC8-AD8-AE8-AF8-AG8-AH8-AI8-AJ8-AK8-AL8-AM8-AN8-AO8-AP8-AQ8-AR8-AS8-AT8-AU8-AV8 -> 0
A9: 45037 | B9: HSBC | C9: Total Charges | D9: Cemetery | E9: - | F9: 5.8 | N9: 5.8 | AW9: =F9-G9-H9-I9-J9-K9-L9-M9-N9-O9-P9-Q9-R9-S9-T9-U9-V9-W9-X9-Y9-Z9-AA9-AB9-AC9-AD9-AE9-AF9-AG9-AH9-AI9-AJ9-AK9-AL9-AM9-AN9-AO9-AP9-AQ9-AR9-AS9-AT9-AU9-AV9 -> 0
A10: 45067 | B10: HSBC | C10: Total Charges | D10: Cemetery | E10: - | F10: 5 | N10: 5 | AW10: =F10-G10-H10-I10-J10-K10-L10-M10-N10-O10-P10-Q10-R10-S10-T10-U10-V10-W10-X10-Y10-Z10-AA10-AB10-AC10-AD10-AE10-AF10-AG10-AH10-AI10-AJ10-AK10-AL10-AM10-AN10-AO10-AP10-AQ10-AR10-AS10-AT10-AU10-AV10 -> 0
A11: 45098 | B11: HSBC | C11: Total Charges | D11: Cemetery | E11: - | F11: 5.8 | N11: 5.8 | AW11: =F11-G11-H11-I11-J11-K11-L11-M11-N11-O11-P11-Q11-R11-S11-T11-U11-V11-W11-X11-Y11-Z11-AA11-AB11-AC11-AD11-AE11-AF11-AG11-AH11-AI11-AJ11-AK11-AL11-AM11-AN11-AO11-AP11-AQ11-AR11-AS11-AT11-AU11-AV11 -> 0
A12: 45106 | B12: Scottish Water | C12: Water Rates | D12: Cemetery | E12: C2 | F12: 15.45 | AQ12: 15.45 | AW12: =F12-G12-H12-I12-J12-K12-L12-M12-N12-O12-P12-Q12-R12-S12-T12-U12-V12-W12-X12-Y12-Z12-AA12-AB12-AC12-AD12-AE12-AF12-AG12-AH12-AI12-AJ12-AK12-AL12-AM12-AN12-AO12-AP12-AQ12-AR12-AS12-AT12-AU12-AV12 -> 0 | AX12: =SUM(AV8:AV12) -> 0
A13: 45128 | B13: HSBC | C13: Total Charges | D13: Cemetery | E13: - | F13: 6.6 | N13: 6.6 | AW13: =F13-G13-H13-I13-J13-K13-L13-M13-N13-O13-P13-Q13-R13-S13-T13-U13-V13-W13-X13-Y13-Z13-AA13-AB13-AC13-AD13-AE13-AF13-AG13-AH13-AI13-AJ13-AK13-AL13-AM13-AN13-AO13-AP13-AQ13-AR13-AS13-AT13-AU13-AV13 -> 0
A14: 45159 | B14: HSBC | C14: Total Charges | D14: Cemetery | E14: - | F14: 5 | N14: 5 | AW14: =F14-G14-H14-I14-J14-K14-L14-M14-N14-O14-P14-Q14-R14-S14-T14-U14-V14-W14-X14-Y14-Z14-AA14-AB14-AC14-AD14-AE14-AF14-AG14-AH14-AI14-AJ14-AK14-AL14-AM14-AN14-AO14-AP14-AQ14-AR14-AS14-AT14-AU14-AV14 -> 0
A15: 45189 | B15: Stoneplan | C15: Footpath repairs | D15: Cemetery | E15: C3 | F15: 2274 | AQ15: 1895 | AV15: 379 | AW15: =F15-G15-H15-I15-J15-K15-L15-M15-N15-O15-P15-Q15-R15-S15-T15-U15-V15-W15-X15-Y15-Z15-AA15-AB15-AC15-AD15-AE15-AF15-AG15-AH15-AI15-AJ15-AK15-AL15-AM15-AN15-AO15-AP15-AQ15-AR15-AS15-AT15-AU15-AV15 -> 0
A16: 45190 | B16: HSBC | C16: Total Charges | D16: Cemetery | E16: - | F16: 5 | N16: 5 | AW16: =F16-G16-H16-I16-J16-K16-L16-M16-N16-O16-P16-Q16-R16-S16-T16-U16-V16-W16-X16-Y16-Z16-AA16-AB16-AC16-AD16-AE16-AF16-AG16-AH16-AI16-AJ16-AK16-AL16-AM16-AN16-AO16-AP16-AQ16-AR16-AS16-AT16-AU16-AV16 -> 0
A17: 45197 | B17: Business Stream | C17: Water Rates | D17: Cemetery | E17: C4 | F17: 17.02 | AQ17: 17.02 | AW17: =F17-G17-H17-I17-J17-K17-L17-M17-N17-O17-P17-Q17-R17-S17-T17-U17-V17-W17-X17-Y17-Z17-AA17-AB17-AC17-AD17-AE17-AF17-AG17-AH17-AI17-AJ17-AK17-AL17-AM17-AN17-AO17-AP17-AQ17-AR17-AS17-AT17-AU17-AV17 -> 0 | AX17: =SUM(AV13:AV17) -> 379
A18: 45215 | B18: CYC | C18: Annual Waste Collection | D18: Cemetery | E18: C5 | F18: 29.77 | AQ18: 29.77 | AW18: =F18-G18-H18-I18-J18-K18-L18-M18-N18-O18-P18-Q18-R18-S18-T18-U18-V18-W18-X18-Y18-Z18-AA18-AB18-AC18-AD18-AE18-AF18-AG18-AH18-AI18-AJ18-AK18-AL18-AM18-AN18-AO18-AP18-AQ18-AR18-AS18-AT18-AU18-AV18 -> 0
A19: 45220 | B19: HSBC | C19: Total Charges | D19: Cemetery | E19: - | F19: 6.6 | N19: 6.6 | AW19: =F19-G19-H19-I19-J19-K19-L19-M19-N19-O19-P19-Q19-R19-S19-T19-U19-V19-W19-X19-Y19-Z19-AA19-AB19-AC19-AD19-AE19-AF19-AG19-AH19-AI19-AJ19-AK19-AL19-AM19-AN19-AO19-AP19-AQ19-AR19-AS19-AT19-AU19-AV19 -> 0
A20: 45222 | B20: CYC | C20: Annual Waste Collection | D20: Cemetery | E20: C5 | F20: 29.77 | AQ20: 29.77 | AW20: =F20-G20-H20-I20-J20-K20-L20-M20-N20-O20-P20-Q20-R20-S20-T20-U20-V20-W20-X20-Y20-Z20-AA20-AB20-AC20-AD20-AE20-AF20-AG20-AH20-AI20-AJ20-AK20-AL20-AM20-AN20-AO20-AP20-AQ20-AR20-AS20-AT20-AU20-AV20 -> 0
A21: 45251 | B21: HSBC | C21: Total Charges | D21: Cemetery | E21: - | F21: 5 | N21: 5 | AW21: =F21-G21-H21-I21-J21-K21-L21-M21-N21-O21-P21-Q21-R21-S21-T21-U21-V21-W21-X21-Y21-Z21-AA21-AB21-AC21-AD21-AE21-AF21-AG21-AH21-AI21-AJ21-AK21-AL21-AM21-AN21-AO21-AP21-AQ21-AR21-AS21-AT21-AU21-AV21 -> 0
A22: 45266 | B22: Kendall | C22: Charges Refund | D22: Cemetery | E22: C6 | F22: 200 | AQ22: 200 | AW22: =F22-G22-H22-I22-J22-K22-L22-M22-N22-O22-P22-Q22-R22-S22-T22-U22-V22-W22-X22-Y22-Z22-AA22-AB22-AC22-AD22-AE22-AF22-AG22-AH22-AI22-AJ22-AK22-AL22-AM22-AN22-AO22-AP22-AQ22-AR22-AS22-AT22-AU22-AV22 -> 0
A23: 45280 | B23: HSBC | C23: Total Charges | D23: Cemetery | E23: - | F23: 5.8 | N23: 5.8 | AW23: =F23-G23-H23-I23-J23-K23-L23-M23-N23-O23-P23-Q23-R23-S23-T23-U23-V23-W23-X23-Y23-Z23-AA23-AB23-AC23-AD23-AE23-AF23-AG23-AH23-AI23-AJ23-AK23-AL23-AM23-AN23-AO23-AP23-AQ23-AR23-AS23-AT23-AU23-AV23 -> 0 | AX23: =SUM(AV18:AV23) -> 0
A24: 45293 | B24: Business Stream | C24: Water Rates | D24: Cemetery | E24: C7 | F24: 16.85 | AQ24: 16.85 | AW24: =F24-G24-H24-I24-J24-K24-L24-M24-N24-O24-P24-Q24-R24-S24-T24-U24-V24-W24-X24-Y24-Z24-AA24-AB24-AC24-AD24-AE24-AF24-AG24-AH24-AI24-AJ24-AK24-AL24-AM24-AN24-AO24-AP24-AQ24-AR24-AS24-AT24-AU24-AV24 -> 0
A25: 45299 | B25: Wickes | C25: Planter Etc | D25: Cemetery | E25: C8 | F25: 51 | AQ25: 42.5 | AV25: 8.5 | AW25: =F25-G25-H25-I25-J25-K25-L25-M25-N25-O25-P25-Q25-R25-S25-T25-U25-V25-W25-X25-Y25-Z25-AA25-AB25-AC25-AD25-AE25-AF25-AG25-AH25-AI25-AJ25-AK25-AL25-AM25-AN25-AO25-AP25-AQ25-AR25-AS25-AT25-AU25-AV25 -> 0
A26: 45312 | B26: HSBC | C26: Total Charges | D26: Cemetery | E26: - | F26: 6.2 | N26: 6.2 | AW26: =F26-G26-H26-I26-J26-K26-L26-M26-N26-O26-P26-Q26-R26-S26-T26-U26-V26-W26-X26-Y26-Z26-AA26-AB26-AC26-AD26-AE26-AF26-AG26-AH26-AI26-AJ26-AK26-AL26-AM26-AN26-AO26-AP26-AQ26-AR26-AS26-AT26-AU26-AV26 -> 0
A27: 45343 | B27: HSBC | C27: Total Charges | D27: Cemetery | E27: - | F27: 5 | N27: 5 | AW27: =F27-G27-H27-I27-J27-K27-L27-M27-N27-O27-P27-Q27-R27-S27-T27-U27-V27-W27-X27-Y27-Z27-AA27-AB27-AC27-AD27-AE27-AF27-AG27-AH27-AI27-AJ27-AK27-AL27-AM27-AN27-AO27-AP27-AQ27-AR27-AS27-AT27-AU27-AV27 -> 0
A28: 45372 | B28: HSBC | C28: Total Charges | D28: Cemetery | E28: - | F28: 5.8 | N28: 5.8 | AW28: =F28-G28-H28-I28-J28-K28-L28-M28-N28-O28-P28-Q28-R28-S28-T28-U28-V28-W28-X28-Y28-Z28-AA28-AB28-AC28-AD28-AE28-AF28-AG28-AH28-AI28-AJ28-AK28-AL28-AM28-AN28-AO28-AP28-AQ28-AR28-AS28-AT28-AU28-AV28 -> 0
A29: 45373 | B29: Kilbridge | C29: Grave Digger | D29: Cemetery | E29: - | F29: 100 | AQ29: 100 | AW29: =F29-G29-H29-I29-J29-K29-L29-M29-N29-O29-P29-Q29-R29-S29-T29-U29-V29-W29-X29-Y29-Z29-AA29-AB29-AC29-AD29-AE29-AF29-AG29-AH29-AI29-AJ29-AK29-AL29-AM29-AN29-AO29-AP29-AQ29-AR29-AS29-AT29-AU29-AV29 -> 0
A30: 45379 | B30: Business Stream | C30: Water Rates | D30: Cemetery | E30: C9 | F30: 16.85 | AQ30: 16.85 | AW30: =F30-G30-H30-I30-J30-K30-L30-M30-N30-O30-P30-Q30-R30-S30-T30-U30-V30-W30-X30-Y30-Z30-AA30-AB30-AC30-AD30-AE30-AF30-AG30-AH30-AI30-AJ30-AK30-AL30-AM30-AN30-AO30-AP30-AQ30-AR30-AS30-AT30-AU30-AV30 -> 0 | AX30: =SUM(AV24:AV30) -> 8.5
A31: 45022 | B31: Parish Clerk | C31: Salary | D31: Treasurers | E31: Payroll | F31: 732.13 | G31: 732.13 | AW31: =F31-G31-H31-I31-J31-K31-L31-M31-N31-O31-P31-Q31-R31-S31-T31-U31-V31-W31-X31-Y31-Z31-AA31-AB31-AC31-AD31-AE31-AF31-AG31-AH31-AI31-AJ31-AK31-AL31-AM31-AN31-AO31-AP31-AQ31-AR31-AS31-AT31-AU31-AV31 -> 0
A32: 45037 | B32: O2 | C32: Mobile | D32: Treasurers | E32: 1 | F32: 15.48 | H32: 12.9 | AV32: 2.58 | AW32: =F32-G32-H32-I32-J32-K32-L32-M32-N32-O32-P32-Q32-R32-S32-T32-U32-V32-W32-X32-Y32-Z32-AA32-AB32-AC32-AD32-AE32-AF32-AG32-AH32-AI32-AJ32-AK32-AL32-AM32-AN32-AO32-AP32-AQ32-AR32-AS32-AT32-AU32-AV32 -> 0
A33: 45037 | B33: HSBC | C33: Charges | D33: Treasurers | E33: - | F33: 5 | N33: 5 | AW33: =F33-G33-H33-I33-J33-K33-L33-M33-N33-O33-P33-Q33-R33-S33-T33-U33-V33-W33-X33-Y33-Z33-AA33-AB33-AC33-AD33-AE33-AF33-AG33-AH33-AI33-AJ33-AK33-AL33-AM33-AN33-AO33-AP33-AQ33-AR33-AS33-AT33-AU33-AV33 -> 0
A34: 45040 | B34: City of York Council | C34: Overpayment | D34: Treasurers | E34: 2 | F34: 29.77 | AQ34: 29.77 | AW34: =F34-G34-H34-I34-J34-K34-L34-M34-N34-O34-P34-Q34-R34-S34-T34-U34-V34-W34-X34-Y34-Z34-AA34-AB34-AC34-AD34-AE34-AF34-AG34-AH34-AI34-AJ34-AK34-AL34-AM34-AN34-AO34-AP34-AQ34-AR34-AS34-AT34-AU34-AV34 -> 0
A35: 45040 | B35: Community Heartbeat | C35: Annual Support Cost | D35: Treasurers | E35: 3 | F35: 151.2 | Z35: 126 | AV35: 25.2 | AW35: =F35-G35-H35-I35-J35-K35-L35-M35-N35-O35-P35-Q35-R35-S35-T35-U35-V35-W35-X35-Y35-Z35-AA35-AB35-AC35-AD35-AE35-AF35-AG35-AH35-AI35-AJ35-AK35-AL35-AM35-AN35-AO35-AP35-AQ35-AR35-AS35-AT35-AU35-AV35 -> 0
A36: 45040 | B36: YLCA | C36: Subscription | D36: Treasurers | E36: 4 | F36: 934 | U36: 934 | AW36: =F36-G36-H36-I36-J36-K36-L36-M36-N36-O36-P36-Q36-R36-S36-T36-U36-V36-W36-X36-Y36-Z36-AA36-AB36-AC36-AD36-AE36-AF36-AG36-AH36-AI36-AJ36-AK36-AL36-AM36-AN36-AO36-AP36-AQ36-AR36-AS36-AT36-AU36-AV36 -> 0
A37: 45049 | B37: BT | C37: Landline/Broadband | D37: Treasurers | E37: 5 | F37: 147.78 | H37: 123.15 | AV37: 24.63 | AW37: =F37-G37-H37-I37-J37-K37-L37-M37-N37-O37-P37-Q37-R37-S37-T37-U37-V37-W37-X37-Y37-Z37-AA37-AB37-AC37-AD37-AE37-AF37-AG37-AH37-AI37-AJ37-AK37-AL37-AM37-AN37-AO37-AP37-AQ37-AR37-AS37-AT37-AU37-AV37 -> 0
A38: 45051 | B38: Marmax | C38: Bench | D38: Treasurers | E38: 6 | F38: 576 | AL38: 480 | AV38: 96 | AW38: =F38-G38-H38-I38-J38-K38-L38-M38-N38-O38-P38-Q38-R38-S38-T38-U38-V38-W38-X38-Y38-Z38-AA38-AB38-AC38-AD38-AE38-AF38-AG38-AH38-AI38-AJ38-AK38-AL38-AM38-AN38-AO38-AP38-AQ38-AR38-AS38-AT38-AU38-AV38 -> 0
A39: 45055 | B39: Parish Clerk | C39: Salary | D39: Treasurers | E39: Payroll | F39: 732.13 | G39: 732.13 | AW39: =F39-G39-H39-I39-J39-K39-L39-M39-N39-O39-P39-Q39-R39-S39-T39-U39-V39-W39-X39-Y39-Z39-AA39-AB39-AC39-AD39-AE39-AF39-AG39-AH39-AI39-AJ39-AK39-AL39-AM39-AN39-AO39-AP39-AQ39-AR39-AS39-AT39-AU39-AV39 -> 0
A40: 45061 | B40: YLCA | C40: Subscription | D40: Treasurers | E40: 4 | F40: 934 | U40: 934 | AW40: =F40-G40-H40-I40-J40-K40-L40-M40-N40-O40-P40-Q40-R40-S40-T40-U40-V40-W40-X40-Y40-Z40-AA40-AB40-AC40-AD40-AE40-AF40-AG40-AH40-AI40-AJ40-AK40-AL40-AM40-AN40-AO40-AP40-AQ40-AR40-AS40-AT40-AU40-AV40 -> 0
A41: 45061 | B41: Ruth Prins | C41: Internal Audit | D41: Treasurers | E41: 7 | F41: 125 | L41: 125 | AW41: =F41-G41-H41-I41-J41-K41-L41-M41-N41-O41-P41-Q41-R41-S41-T41-U41-V41-W41-X41-Y41-Z41-AA41-AB41-AC41-AD41-AE41-AF41-AG41-AH41-AI41-AJ41-AK41-AL41-AM41-AN41-AO41-AP41-AQ41-AR41-AS41-AT41-AU41-AV41 -> 0
A42: 45061 | B42: Ashfield | C42: Play Area Works | D42: Treasurers | E42: 8 | F42: 120 | AF42: 100 | AV42: 20 | AW42: =F42-G42-H42-I42-J42-K42-L42-M42-N42-O42-P42-Q42-R42-S42-T42-U42-V42-W42-X42-Y42-Z42-AA42-AB42-AC42-AD42-AE42-AF42-AG42-AH42-AI42-AJ42-AK42-AL42-AM42-AN42-AO42-AP42-AQ42-AR42-AS42-AT42-AU42-AV42 -> 0
A43: 45061 | B43: Trevor White Roses | C43: Isla Rose | D43: Treasurers | E43: 9 | F43: 31.9 | AQ43: 24.95 | AV43: 6.95 | AW43: =F43-G43-H43-I43-J43-K43-L43-M43-N43-O43-P43-Q43-R43-S43-T43-U43-V43-W43-X43-Y43-Z43-AA43-AB43-AC43-AD43-AE43-AF43-AG43-AH43-AI43-AJ43-AK43-AL43-AM43-AN43-AO43-AP43-AQ43-AR43-AS43-AT43-AU43-AV43 -> 0
A44: 45061 | B44: Ebay | C44: Stationery | D44: Treasurers | E44: 10 | F44: 34.23 | I44: 34.23 | AW44: =F44-G44-H44-I44-J44-K44-L44-M44-N44-O44-P44-Q44-R44-S44-T44-U44-V44-W44-X44-Y44-Z44-AA44-AB44-AC44-AD44-AE44-AF44-AG44-AH44-AI44-AJ44-AK44-AL44-AM44-AN44-AO44-AP44-AQ44-AR44-AS44-AT44-AU44-AV44 -> 0
A45: 45061 | B45: Ebay | C45: Stationery | D45: Treasurers | E45: 11 | F45: 32.99 | I45: 32.99 | AW45: =F45-G45-H45-I45-J45-K45-L45-M45-N45-O45-P45-Q45-R45-S45-T45-U45-V45-W45-X45-Y45-Z45-AA45-AB45-AC45-AD45-AE45-AF45-AG45-AH45-AI45-AJ45-AK45-AL45-AM45-AN45-AO45-AP45-AQ45-AR45-AS45-AT45-AU45-AV45 -> 0
A46: 45061 | B46: The Range | C46: Compost | D46: Treasurers | E46: 12 | F46: 16.96 | AC46: 16.96 | AW46: =F46-G46-H46-I46-J46-K46-L46-M46-N46-O46-P46-Q46-R46-S46-T46-U46-V46-W46-X46-Y46-Z46-AA46-AB46-AC46-AD46-AE46-AF46-AG46-AH46-AI46-AJ46-AK46-AL46-AM46-AN46-AO46-AP46-AQ46-AR46-AS46-AT46-AU46-AV46 -> 0
A47: 45065 | B47: York Landscapes | C47: Grass Cutting | D47: Treasurers | E47: 13 | F47: 1440 | AA47: 1200 | AV47: 240 | AW47: =F47-G47-H47-I47-J47-K47-L47-M47-N47-O47-P47-Q47-R47-S47-T47-U47-V47-W47-X47-Y47-Z47-AA47-AB47-AC47-AD47-AE47-AF47-AG47-AH47-AI47-AJ47-AK47-AL47-AM47-AN47-AO47-AP47-AQ47-AR47-AS47-AT47-AU47-AV47 -> 0
A48: 45065 | B48: BHA Trees | C48: Tree Risk Assessment | D48: Treasurers | E48: 14 | F48: 1980 | AH48: 1650 | AV48: 330 | AW48: =F48-G48-H48-I48-J48-K48-L48-M48-N48-O48-P48-Q48-R48-S48-T48-U48-V48-W48-X48-Y48-Z48-AA48-AB48-AC48-AD48-AE48-AF48-AG48-AH48-AI48-AJ48-AK48-AL48-AM48-AN48-AO48-AP48-AQ48-AR48-AS48-AT48-AU48-AV48 -> 0
A49: 45067 | B49: HSBC | C49: Total Charges | D49: Treasurers | E49: - | F49: 5 | N49: 5 | AW49: =F49-G49-H49-I49-J49-K49-L49-M49-N49-O49-P49-Q49-R49-S49-T49-U49-V49-W49-X49-Y49-Z49-AA49-AB49-AC49-AD49-AE49-AF49-AG49-AH49-AI49-AJ49-AK49-AL49-AM49-AN49-AO49-AP49-AQ49-AR49-AS49-AT49-AU49-AV49 -> 0
A50: 45069 | B50: O2 | C50: Mobile Phone | D50: Treasurers | E50: 15 | F50: 15.48 | H50: 12.9 | AV50: 2.58 | AW50: =F50-G50-H50-I50-J50-K50-L50-M50-N50-O50-P50-Q50-R50-S50-T50-U50-V50-W50-X50-Y50-Z50-AA50-AB50-AC50-AD50-AE50-AF50-AG50-AH50-AI50-AJ50-AK50-AL50-AM50-AN50-AO50-AP50-AQ50-AR50-AS50-AT50-AU50-AV50 -> 0
A51: 45083 | B51: Parish Clerk | C51: Salary | D51: Treasurers | E51: Payroll | F51: 732.13 | G51: 732.13 | AW51: =F51-G51-H51-I51-J51-K51-L51-M51-N51-O51-P51-Q51-R51-S51-T51-U51-V51-W51-X51-Y51-Z51-AA51-AB51-AC51-AD51-AE51-AF51-AG51-AH51-AI51-AJ51-AK51-AL51-AM51-AN51-AO51-AP51-AQ51-AR51-AS51-AT51-AU51-AV51 -> 0
A52: 45098 | B52: O2 | C52: Mobile Phone | D52: Treasurers | E52: 16 | F52: 15.48 | H52: 12.9 | AV52: 2.58 | AW52: =F52-G52-H52-I52-J52-K52-L52-M52-N52-O52-P52-Q52-R52-S52-T52-U52-V52-W52-X52-Y52-Z52-AA52-AB52-AC52-AD52-AE52-AF52-AG52-AH52-AI52-AJ52-AK52-AL52-AM52-AN52-AO52-AP52-AQ52-AR52-AS52-AT52-AU52-AV52 -> 0
A53: 45098 | B53: HSBC | C53: Total Charges | D53: Treasurers | E53: - | F53: 5 | N53: 5 | AW53: =F53-G53-H53-I53-J53-K53-L53-M53-N53-O53-P53-Q53-R53-S53-T53-U53-V53-W53-X53-Y53-Z53-AA53-AB53-AC53-AD53-AE53-AF53-AG53-AH53-AI53-AJ53-AK53-AL53-AM53-AN53-AO53-AP53-AQ53-AR53-AS53-AT53-AU53-AV53 -> 0
A54: 45100 | B54: York Landscapes | C54: Grass Cutting | D54: Treasurers | E54: 17 | F54: 1596 | AA54: 1330 | AV54: 266 | AW54: =F54-G54-H54-I54-J54-K54-L54-M54-N54-O54-P54-Q54-R54-S54-T54-U54-V54-W54-X54-Y54-Z54-AA54-AB54-AC54-AD54-AE54-AF54-AG54-AH54-AI54-AJ54-AK54-AL54-AM54-AN54-AO54-AP54-AQ54-AR54-AS54-AT54-AU54-AV54 -> 0
A55: 45100 | B55: Adam Forster | C55: Year Three Tree Works | D55: Treasurers | E55: 18 | F55: 1300 | AH55: 1300 | AW55: =F55-G55-H55-I55-J55-K55-L55-M55-N55-O55-P55-Q55-R55-S55-T55-U55-V55-W55-X55-Y55-Z55-AA55-AB55-AC55-AD55-AE55-AF55-AG55-AH55-AI55-AJ55-AK55-AL55-AM55-AN55-AO55-AP55-AQ55-AR55-AS55-AT55-AU55-AV55 -> 0
A56: 45100 | B56: Flexibubble | C56: NP | D56: Treasurers | E56: 19 | F56: 46 | T56: 46 | AW56: =F56-G56-H56-I56-J56-K56-L56-M56-N56-O56-P56-Q56-R56-S56-T56-U56-V56-W56-X56-Y56-Z56-AA56-AB56-AC56-AD56-AE56-AF56-AG56-AH56-AI56-AJ56-AK56-AL56-AM56-AN56-AO56-AP56-AQ56-AR56-AS56-AT56-AU56-AV56 -> 0 | AX56: =SUM(AV31:AV56) -> 1016.52
A57: 45113 | B57: Parish Clerk | C57: Salary | D57: Treasurers | E57: Payroll | F57: 732.13 | G57: 732.13 | AW57: =F57-G57-H57-I57-J57-K57-L57-M57-N57-O57-P57-Q57-R57-S57-T57-U57-V57-W57-X57-Y57-Z57-AA57-AB57-AC57-AD57-AE57-AF57-AG57-AH57-AI57-AJ57-AK57-AL57-AM57-AN57-AO57-AP57-AQ57-AR57-AS57-AT57-AU57-AV57 -> 0
A58: 45114 | B58: Cipher Medical | C58: Carnival First Aid | D58: Treasurers | E58: 20 | F58: 380.16 | AD58: 316.8 | AV58: 63.36 | AW58: =F58-G58-H58-I58-J58-K58-L58-M58-N58-O58-P58-Q58-R58-S58-T58-U58-V58-W58-X58-Y58-Z58-AA58-AB58-AC58-AD58-AE58-AF58-AG58-AH58-AI58-AJ58-AK58-AL58-AM58-AN58-AO58-AP58-AQ58-AR58-AS58-AT58-AU58-AV58 -> 0
A59: 45114 | B59: All Design | C59: NP | D59: Treasurers | E59: 21 | F59: 200 | T59: 200 | AW59: =F59-G59-H59-I59-J59-K59-L59-M59-N59-O59-P59-Q59-R59-S59-T59-U59-V59-W59-X59-Y59-Z59-AA59-AB59-AC59-AD59-AE59-AF59-AG59-AH59-AI59-AJ59-AK59-AL59-AM59-AN59-AO59-AP59-AQ59-AR59-AS59-AT59-AU59-AV59 -> 0
A60: 45114 | B60: Orchard Nurseries | C60: Planter Compost/Flowers | D60: Treasurers | E60: 22 | F60: 28 | AC60: 23.83 | AV60: 4.17 | AW60: =F60-G60-H60-I60-J60-K60-L60-M60-N60-O60-P60-Q60-R60-S60-T60-U60-V60-W60-X60-Y60-Z60-AA60-AB60-AC60-AD60-AE60-AF60-AG60-AH60-AI60-AJ60-AK60-AL60-AM60-AN60-AO60-AP60-AQ60-AR60-AS60-AT60-AU60-AV60 -> 0
A61: 45119 | B61: Lady in Haxby | C61: Planter Compost/Flowers | D61: Treasurers | E61: 23 | F61: 128.9 | AC61: 128.9 | AW61: =F61-G61-H61-I61-J61-K61-L61-M61-N61-O61-P61-Q61-R61-S61-T61-U61-V61-W61-X61-Y61-Z61-AA61-AB61-AC61-AD61-AE61-AF61-AG61-AH61-AI61-AJ61-AK61-AL61-AM61-AN61-AO61-AP61-AQ61-AR61-AS61-AT61-AU61-AV61 -> 0
A62: 45120 | B62: ICO | C62: Subscription | D62: Treasurers | E62: 24 | F62: 35 | Y62: 35 | AW62: =F62-G62-H62-I62-J62-K62-L62-M62-N62-O62-P62-Q62-R62-S62-T62-U62-V62-W62-X62-Y62-Z62-AA62-AB62-AC62-AD62-AE62-AF62-AG62-AH62-AI62-AJ62-AK62-AL62-AM62-AN62-AO62-AP62-AQ62-AR62-AS62-AT62-AU62-AV62 -> 0
A63: 45126 | B63: Lewis Tree Surgery | C63: Work on Oak along footpath | D63: Treasurers | E63: 25 | F63: 172.8 | AH63: 144 | AV63: 28.8 | AW63: =F63-G63-H63-I63-J63-K63-L63-M63-N63-O63-P63-Q63-R63-S63-T63-U63-V63-W63-X63-Y63-Z63-AA63-AB63-AC63-AD63-AE63-AF63-AG63-AH63-AI63-AJ63-AK63-AL63-AM63-AN63-AO63-AP63-AQ63-AR63-AS63-AT63-AU63-AV63 -> 0
A64: 45126 | B64: Appletree Design Solutions | C64: Websites | D64: Treasurers | E64: 26 | F64: 114 | I64: 114 | AW64: =F64-G64-H64-I64-J64-K64-L64-M64-N64-O64-P64-Q64-R64-S64-T64-U64-V64-W64-X64-Y64-Z64-AA64-AB64-AC64-AD64-AE64-AF64-AG64-AH64-AI64-AJ64-AK64-AL64-AM64-AN64-AO64-AP64-AQ64-AR64-AS64-AT64-AU64-AV64 -> 0
A65: 45126 | B65: Strensall Village Hall | C65: Venue Hire | D65: Treasurers | E65: 27 | F65: 460 | O65: 460 | AW65: =F65-G65-H65-I65-J65-K65-L65-M65-N65-O65-P65-Q65-R65-S65-T65-U65-V65-W65-X65-Y65-Z65-AA65-AB65-AC65-AD65-AE65-AF65-AG65-AH65-AI65-AJ65-AK65-AL65-AM65-AN65-AO65-AP65-AQ65-AR65-AS65-AT65-AU65-AV65 -> 0
A66: 45126 | B66: York Landscapes | C66: Grass Cutting | D66: Treasurers | E66: 28 | F66: 1632 | AA66: 1360 | AV66: 272 | AW66: =F66-G66-H66-I66-J66-K66-L66-M66-N66-O66-P66-Q66-R66-S66-T66-U66-V66-W66-X66-Y66-Z66-AA66-AB66-AC66-AD66-AE66-AF66-AG66-AH66-AI66-AJ66-AK66-AL66-AM66-AN66-AO66-AP66-AQ66-AR66-AS66-AT66-AU66-AV66 -> 0
A67: 45128 | B67: O2 | C67: Mobile Phone | D67: Treasurers | E67: 29 | F67: 15.48 | H67: 12.9 | AV67: 2.58 | AW67: =F67-G67-H67-I67-J67-K67-L67-M67-N67-O67-P67-Q67-R67-S67-T67-U67-V67-W67-X67-Y67-Z67-AA67-AB67-AC67-AD67-AE67-AF67-AG67-AH67-AI67-AJ67-AK67-AL67-AM67-AN67-AO67-AP67-AQ67-AR67-AS67-AT67-AU67-AV67 -> 0
A68: 45128 | B68: HSBC | C68: Total Charges | D68: Treasurers | E68: - | F68: 5 | N68: 5 | AW68: =F68-G68-H68-I68-J68-K68-L68-M68-N68-O68-P68-Q68-R68-S68-T68-U68-V68-W68-X68-Y68-Z68-AA68-AB68-AC68-AD68-AE68-AF68-AG68-AH68-AI68-AJ68-AK68-AL68-AM68-AN68-AO68-AP68-AQ68-AR68-AS68-AT68-AU68-AV68 -> 0
A69: 45135 | B69: York Landscapes | C69: War Memorial Fencing | D69: Treasurers | E69: 30 | F69: 1850.16 | AG69: 1541.8 | AV69: 308.36 | AW69: =F69-G69-H69-I69-J69-K69-L69-M69-N69-O69-P69-Q69-R69-S69-T69-U69-V69-W69-X69-Y69-Z69-AA69-AB69-AC69-AD69-AE69-AF69-AG69-AH69-AI69-AJ69-AK69-AL69-AM69-AN69-AO69-AP69-AQ69-AR69-AS69-AT69-AU69-AV69 -> 0
A70: 45138 | B70: Vertigrow | C70: Rose Plant Support | D70: Treasurers | E70: 31 | F70: 6.5 | AC70: 6.5 | AW70: =F70-G70-H70-I70-J70-K70-L70-M70-N70-O70-P70-Q70-R70-S70-T70-U70-V70-W70-X70-Y70-Z70-AA70-AB70-AC70-AD70-AE70-AF70-AG70-AH70-AI70-AJ70-AK70-AL70-AM70-AN70-AO70-AP70-AQ70-AR70-AS70-AT70-AU70-AV70 -> 0
A71: 45140 | B71: BT | C71: Landline/Broadband | D71: Treasurers | E71: 32 | F71: 168.3 | H71: 140.25 | AV71: 28.05 | AW71: =F71-G71-H71-I71-J71-K71-L71-M71-N71-O71-P71-Q71-R71-S71-T71-U71-V71-W71-X71-Y71-Z71-AA71-AB71-AC71-AD71-AE71-AF71-AG71-AH71-AI71-AJ71-AK71-AL71-AM71-AN71-AO71-AP71-AQ71-AR71-AS71-AT71-AU71-AV71 -> 0
A72: 45145 | B72: Parish Clerk | C72: Salary | D72: Treasurers | E72: Payroll | F72: 732.13 | G72: 732.13 | AW72: =F72-G72-H72-I72-J72-K72-L72-M72-N72-O72-P72-Q72-R72-S72-T72-U72-V72-W72-X72-Y72-Z72-AA72-AB72-AC72-AD72-AE72-AF72-AG72-AH72-AI72-AJ72-AK72-AL72-AM72-AN72-AO72-AP72-AQ72-AR72-AS72-AT72-AU72-AV72 -> 0
A73: 45149 | B73: Cartridge People | C73: Printer Inks | D73: Treasurers | E73: 33 | F73: 46.99 | I73: 39.16 | AV73: 7.83 | AW73: =F73-G73-H73-I73-J73-K73-L73-M73-N73-O73-P73-Q73-R73-S73-T73-U73-V73-W73-X73-Y73-Z73-AA73-AB73-AC73-AD73-AE73-AF73-AG73-AH73-AI73-AJ73-AK73-AL73-AM73-AN73-AO73-AP73-AQ73-AR73-AS73-AT73-AU73-AV73 -> 0
A74: 45159 | B74: HSBC | C74: Total Charges | D74: Treasurers | E74: - | F74: 5.4 | N74: 5.4 | AW74: =F74-G74-H74-I74-J74-K74-L74-M74-N74-O74-P74-Q74-R74-S74-T74-U74-V74-W74-X74-Y74-Z74-AA74-AB74-AC74-AD74-AE74-AF74-AG74-AH74-AI74-AJ74-AK74-AL74-AM74-AN74-AO74-AP74-AQ74-AR74-AS74-AT74-AU74-AV74 -> 0
A75: 45159 | B75: Deans Garden Centre | C75: Daffodil Bulbs | D75: Treasurers | E75: 34 | F75: 50.44 | AC75: 42.04 | AV75: 8.4 | AW75: =F75-G75-H75-I75-J75-K75-L75-M75-N75-O75-P75-Q75-R75-S75-T75-U75-V75-W75-X75-Y75-Z75-AA75-AB75-AC75-AD75-AE75-AF75-AG75-AH75-AI75-AJ75-AK75-AL75-AM75-AN75-AO75-AP75-AQ75-AR75-AS75-AT75-AU75-AV75 -> 0
A76: 45159 | B76: York Landscapes | C76: Grass Cutting | D76: Treasurers | E76: 35 | F76: 1692 | AA76: 1410 | AV76: 282 | AW76: =F76-G76-H76-I76-J76-K76-L76-M76-N76-O76-P76-Q76-R76-S76-T76-U76-V76-W76-X76-Y76-Z76-AA76-AB76-AC76-AD76-AE76-AF76-AG76-AH76-AI76-AJ76-AK76-AL76-AM76-AN76-AO76-AP76-AQ76-AR76-AS76-AT76-AU76-AV76 -> 0
A77: 45159 | B77: CK Garden Maintenance | C77: Cutting Village Hall Hedge | D77: Treasurers | E77: 36 | F77: 300 | AE77: 300 | AW77: =F77-G77-H77-I77-J77-K77-L77-M77-N77-O77-P77-Q77-R77-S77-T77-U77-V77-W77-X77-Y77-Z77-AA77-AB77-AC77-AD77-AE77-AF77-AG77-AH77-AI77-AJ77-AK77-AL77-AM77-AN77-AO77-AP77-AQ77-AR77-AS77-AT77-AU77-AV77 -> 0
A78: 45161 | B78: O2 | C78: Mobile Phone | D78: Treasurers | E78: 37 | F78: 15.48 | H78: 12.9 | AV78: 2.58 | AW78: =F78-G78-H78-I78-J78-K78-L78-M78-N78-O78-P78-Q78-R78-S78-T78-U78-V78-W78-X78-Y78-Z78-AA78-AB78-AC78-AD78-AE78-AF78-AG78-AH78-AI78-AJ78-AK78-AL78-AM78-AN78-AO78-AP78-AQ78-AR78-AS78-AT78-AU78-AV78 -> 0
A79: 45161 | B79: Tesco | C79: Planter Plants/Daffodil Bulbs | D79: Treasurers | E79: 38 | F79: 50 | AC79: 50 | AW79: =F79-G79-H79-I79-J79-K79-L79-M79-N79-O79-P79-Q79-R79-S79-T79-U79-V79-W79-X79-Y79-Z79-AA79-AB79-AC79-AD79-AE79-AF79-AG79-AH79-AI79-AJ79-AK79-AL79-AM79-AN79-AO79-AP79-AQ79-AR79-AS79-AT79-AU79-AV79 -> 0
A80: 45175 | B80: Parish Clerk | C80: Salary | D80: Treasurers | E80: Payroll | F80: 732.13 | G80: 732.13 | AW80: =F80-G80-H80-I80-J80-K80-L80-M80-N80-O80-P80-Q80-R80-S80-T80-U80-V80-W80-X80-Y80-Z80-AA80-AB80-AC80-AD80-AE80-AF80-AG80-AH80-AI80-AJ80-AK80-AL80-AM80-AN80-AO80-AP80-AQ80-AR80-AS80-AT80-AU80-AV80 -> 0
A81: 45175 | B81: York Landscapes | C81: Grass Cutting | D81: Treasurers | E81: 39 | F81: 1692 | AA81: 1410 | AV81: 282 | AW81: =F81-G81-H81-I81-J81-K81-L81-M81-N81-O81-P81-Q81-R81-S81-T81-U81-V81-W81-X81-Y81-Z81-AA81-AB81-AC81-AD81-AE81-AF81-AG81-AH81-AI81-AJ81-AK81-AL81-AM81-AN81-AO81-AP81-AQ81-AR81-AS81-AT81-AU81-AV81 -> 0
A82: 45175 | B82: Lewis Tree Surgery | C82: Tree Works | D82: Treasurers | E82: 40 | F82: 456 | AH82: 380 | AV82: 76 | AW82: =F82-G82-H82-I82-J82-K82-L82-M82-N82-O82-P82-Q82-R82-S82-T82-U82-V82-W82-X82-Y82-Z82-AA82-AB82-AC82-AD82-AE82-AF82-AG82-AH82-AI82-AJ82-AK82-AL82-AM82-AN82-AO82-AP82-AQ82-AR82-AS82-AT82-AU82-AV82 -> 0
A83: 45175 | B83: Lewis Tree Surgery | C83: Tree Works | D83: Treasurers | E83: 41 | F83: 172.8 | AH83: 144 | AV83: 28.8 | AW83: =F83-G83-H83-I83-J83-K83-L83-M83-N83-O83-P83-Q83-R83-S83-T83-U83-V83-W83-X83-Y83-Z83-AA83-AB83-AC83-AD83-AE83-AF83-AG83-AH83-AI83-AJ83-AK83-AL83-AM83-AN83-AO83-AP83-AQ83-AR83-AS83-AT83-AU83-AV83 -> 0
A84: 45189 | B84: Playsafety | C84: ROSPA Inspection | D84: Treasurers | E84: 42 | F84: 280.8 | AF84: 234 | AV84: 46.8 | AW84: =F84-G84-H84-I84-J84-K84-L84-M84-N84-O84-P84-Q84-R84-S84-T84-U84-V84-W84-X84-Y84-Z84-AA84-AB84-AC84-AD84-AE84-AF84-AG84-AH84-AI84-AJ84-AK84-AL84-AM84-AN84-AO84-AP84-AQ84-AR84-AS84-AT84-AU84-AV84 -> 0
A85: 45190 | B85: O2 | C85: Mobile Phone | D85: Treasurers | E85: 43 | F85: 15.48 | H85: 12.9 | AV85: 2.58 | AW85: =F85-G85-H85-I85-J85-K85-L85-M85-N85-O85-P85-Q85-R85-S85-T85-U85-V85-W85-X85-Y85-Z85-AA85-AB85-AC85-AD85-AE85-AF85-AG85-AH85-AI85-AJ85-AK85-AL85-AM85-AN85-AO85-AP85-AQ85-AR85-AS85-AT85-AU85-AV85 -> 0
A86: 45190 | B86: HSBC | C86: Total Charges | D86: Treasurers | E86: - | F86: 5 | N86: 5 | AW86: =F86-G86-H86-I86-J86-K86-L86-M86-N86-O86-P86-Q86-R86-S86-T86-U86-V86-W86-X86-Y86-Z86-AA86-AB86-AC86-AD86-AE86-AF86-AG86-AH86-AI86-AJ86-AK86-AL86-AM86-AN86-AO86-AP86-AQ86-AR86-AS86-AT86-AU86-AV86 -> 0
A87: 45194 | B87: York Landscapes | C87: Kirklands Grass/Shrubs Cut Back | D87: Treasurers | E87: 44 | F87: 360 | AA87: 300 | AV87: 60 | AW87: =F87-G87-H87-I87-J87-K87-L87-M87-N87-O87-P87-Q87-R87-S87-T87-U87-V87-W87-X87-Y87-Z87-AA87-AB87-AC87-AD87-AE87-AF87-AG87-AH87-AI87-AJ87-AK87-AL87-AM87-AN87-AO87-AP87-AQ87-AR87-AS87-AT87-AU87-AV87 -> 0
A88: 45198 | B88: HMRC | C88: PAYE | D88: Treasurers | E88: Payroll | F88: 723.16 | G88: 723.16 | AW88: =F88-G88-H88-I88-J88-K88-L88-M88-N88-O88-P88-Q88-R88-S88-T88-U88-V88-W88-X88-Y88-Z88-AA88-AB88-AC88-AD88-AE88-AF88-AG88-AH88-AI88-AJ88-AK88-AL88-AM88-AN88-AO88-AP88-AQ88-AR88-AS88-AT88-AU88-AV88 -> 0
A89: 44833 | B89: HMRC | C89: PAYE | D89: Treasurers | E89: Payroll | F89: 723.16 | G89: 723.16 | AW89: =F89-G89-H89-I89-J89-K89-L89-M89-N89-O89-P89-Q89-R89-S89-T89-U89-V89-W89-X89-Y89-Z89-AA89-AB89-AC89-AD89-AE89-AF89-AG89-AH89-AI89-AJ89-AK89-AL89-AM89-AN89-AO89-AP89-AQ89-AR89-AS89-AT89-AU89-AV89 -> 0 | AX89: =SUM(AV57:AV89) -> 1504.31
A90: 45203 | B90: Go Inks | C90: Printer Inks | D90: Treasurers | E90: 45 | F90: 11.4 | I90: 9.5 | AV90: 1.9 | AW90: =F90-G90-H90-I90-J90-K90-L90-M90-N90-O90-P90-Q90-R90-S90-T90-U90-V90-W90-X90-Y90-Z90-AA90-AB90-AC90-AD90-AE90-AF90-AG90-AH90-AI90-AJ90-AK90-AL90-AM90-AN90-AO90-AP90-AQ90-AR90-AS90-AT90-AU90-AV90 -> 0
A91: 45203 | B91: Strensall Village Hall | C91: Meeting Venue | D91: Treasurers | E91: 46 | F91: 460 | O91: 460 | AW91: =F91-G91-H91-I91-J91-K91-L91-M91-N91-O91-P91-Q91-R91-S91-T91-U91-V91-W91-X91-Y91-Z91-AA91-AB91-AC91-AD91-AE91-AF91-AG91-AH91-AI91-AJ91-AK91-AL91-AM91-AN91-AO91-AP91-AQ91-AR91-AS91-AT91-AU91-AV91 -> 0
A92: 45203 | B92: PKF Littlejohn LLP | C92: External Audit | D92: Treasurers | E92: 47 | F92: 378 | L92: 315 | AV92: 63 | AW92: =F92-G92-H92-I92-J92-K92-L92-M92-N92-O92-P92-Q92-R92-S92-T92-U92-V92-W92-X92-Y92-Z92-AA92-AB92-AC92-AD92-AE92-AF92-AG92-AH92-AI92-AJ92-AK92-AL92-AM92-AN92-AO92-AP92-AQ92-AR92-AS92-AT92-AU92-AV92 -> 0
A93: 45203 | B93: York Landscapes | C93: Grass Cutting | D93: Treasurers | E93: 48 | F93: 1728 | AA93: 1440 | AV93: 288 | AW93: =F93-G93-H93-I93-J93-K93-L93-M93-N93-O93-P93-Q93-R93-S93-T93-U93-V93-W93-X93-Y93-Z93-AA93-AB93-AC93-AD93-AE93-AF93-AG93-AH93-AI93-AJ93-AK93-AL93-AM93-AN93-AO93-AP93-AQ93-AR93-AS93-AT93-AU93-AV93 -> 0
A94: 45205 | B94: Parish Clerk | C94: Salary | D94: Treasurers | E94: Payroll | F94: 732.13 | G94: 732.13 | AW94: =F94-G94-H94-I94-J94-K94-L94-M94-N94-O94-P94-Q94-R94-S94-T94-U94-V94-W94-X94-Y94-Z94-AA94-AB94-AC94-AD94-AE94-AF94-AG94-AH94-AI94-AJ94-AK94-AL94-AM94-AN94-AO94-AP94-AQ94-AR94-AS94-AT94-AU94-AV94 -> 0
A95: 45205 | B95: Parish Clerk | C95: Salary | D95: Treasurers | E95: Payroll | F95: 1031.88 | G95: 1031.88 | AW95: =F95-G95-H95-I95-J95-K95-L95-M95-N95-O95-P95-Q95-R95-S95-T95-U95-V95-W95-X95-Y95-Z95-AA95-AB95-AC95-AD95-AE95-AF95-AG95-AH95-AI95-AJ95-AK95-AL95-AM95-AN95-AO95-AP95-AQ95-AR95-AS95-AT95-AU95-AV95 -> 0
A96: 45220 | B96: HSBC | C96: Total Charges | D96: Treasurers | E96: - | F96: 5 | N96: 5 | AW96: =F96-G96-H96-I96-J96-K96-L96-M96-N96-O96-P96-Q96-R96-S96-T96-U96-V96-W96-X96-Y96-Z96-AA96-AB96-AC96-AD96-AE96-AF96-AG96-AH96-AI96-AJ96-AK96-AL96-AM96-AN96-AO96-AP96-AQ96-AR96-AS96-AT96-AU96-AV96 -> 0
A97: 45222 | B97: O2 | C97: Mobile Phone | D97: Treasurers | E97: 49 | F97: 15.48 | H97: 12.9 | AV97: 2.58 | AW97: =F97-G97-H97-I97-J97-K97-L97-M97-N97-O97-P97-Q97-R97-S97-T97-U97-V97-W97-X97-Y97-Z97-AA97-AB97-AC97-AD97-AE97-AF97-AG97-AH97-AI97-AJ97-AK97-AL97-AM97-AN97-AO97-AP97-AQ97-AR97-AS97-AT97-AU97-AV97 -> 0
A98: 45222 | B98: Lewis Tree Surgery | C98: Tree Works | D98: Treasurers | E98: 50 | F98: 1077.6 | AH98: 898 | AV98: 179.6 | AW98: =F98-G98-H98-I98-J98-K98-L98-M98-N98-O98-P98-Q98-R98-S98-T98-U98-V98-W98-X98-Y98-Z98-AA98-AB98-AC98-AD98-AE98-AF98-AG98-AH98-AI98-AJ98-AK98-AL98-AM98-AN98-AO98-AP98-AQ98-AR98-AS98-AT98-AU98-AV98 -> 0
A99: 45222 | B99: Post Office | C99: Postage Stamps | D99: Treasurers | E99: 51 | F99: 4.45 | I99: 4.45 | AW99: =F99-G99-H99-I99-J99-K99-L99-M99-N99-O99-P99-Q99-R99-S99-T99-U99-V99-W99-X99-Y99-Z99-AA99-AB99-AC99-AD99-AE99-AF99-AG99-AH99-AI99-AJ99-AK99-AL99-AM99-AN99-AO99-AP99-AQ99-AR99-AS99-AT99-AU99-AV99 -> 0
A100: 45232 | B100: BT | C100: Landline/Broadband | D100: Treasurers | E100: 52 | F100: 150.3 | H100: 125.25 | AV100: 25.05 | AW100: =F100-G100-H100-I100-J100-K100-L100-M100-N100-O100-P100-Q100-R100-S100-T100-U100-V100-W100-X100-Y100-Z100-AA100-AB100-AC100-AD100-AE100-AF100-AG100-AH100-AI100-AJ100-AK100-AL100-AM100-AN100-AO100-AP100-AQ100-AR100-AS100-AT100-AU100-AV100 -> 0
A101: 45233 | B101: York Landscapes | C101: Grass Cutting | D101: Treasurers | E101: 53 | F101: 1536 | AA101: 1280 | AV101: 256 | AW101: =F101-G101-H101-I101-J101-K101-L101-M101-N101-O101-P101-Q101-R101-S101-T101-U101-V101-W101-X101-Y101-Z101-AA101-AB101-AC101-AD101-AE101-AF101-AG101-AH101-AI101-AJ101-AK101-AL101-AM101-AN101-AO101-AP101-AQ101-AR101-AS101-AT101-AU101-AV101 -> 0
...

Sheet Inc&Exp
A1: Strensall with Towthorpe Parish Council
A3: Income and Expenditure Account Year Ending 31 March 2023
J4: Draft
A5: Actual | F5: Actual | J5: Draft
A6: 2022-2023 | F6: To Date | H6: Budget | J6: Budget
F7: 2023-2024 | H7: 2023-2024 | J7: 2024-2025
C9: Income
A10: 53000 | C10: Precept | F10: =Receipts!J6 -> 54000 | H10: 54000 | J10: 54000 | L10: No Increase?
C11: Section 106
A12: 7995.41 | C12: Double Taxation | F12: =Receipts!K6 -> 12590.25
A13: 3700 | C13: Ward Funding
A14: 738.33 | C14: Interest | F14: =Receipts!G6 -> 2427.96
A15: 367.5 | C15: Allotment Rents | F15: =Receipts!H6 -> 387.5
A16: 805.02 | C16: Cemetery | F16: =Receipts!I6 -> 5042.5
A17: 7831.78 | C17: VAT Refunds | F17: =Receipts!N6 -> 4433.55
A18: 2058.57 | C18: Miscellaneous | F18: =Receipts!O6+Receipts!P62+Receipts!P84+Receipts!P90+Receipts!P91 -> 2658.9
A19: =SUM(A10:A18) -> 76496.61 | C19: Total Income | F19: =SUM(F10:F18) -> 81540.66 | H19: =SUM(H9:H18) -> 54000 | J19: =SUM(J10:J18) -> 54000
C21: Expenditure
A22: 13622.88 | C22: Clerks Salary | D22: Code 100 | F22: =Payments!G7 -> 13657.1 | H22: 13000 | J22: 13250 | L22: NALC Pay Scales Increase
A23: 671.62 | C23: Telephone/Broadband | D23: Code 101 | F23: =Payments!H7 -> 690.45 | H23: 600 | J23: 600 | L23: Three Year Contract Agreed
A24: 644.47 | C24: Office expenses | D24: Code 102 | F24: =Payments!I7 -> 613.33 | H24: 500 | J24: 500 | L24: -
C25: Clerks expenses | D25: Code 103
A26: 23.32 | C26: Councillors expenses | D26: Code 104 | H26: 50 | J26: 50 | L26: -
A27: 550 | C27: Audit | D27: Code 105 | F27: =Payments!L7 -> 565 | H27: 1000 | J27: 1000
A28: 2575.91 | C28: Insurance | D28: Code 106 | F28: =Payments!F106 -> 2900.86 | H28: 2750 | J28: 3000 | L28: Claims History
A29: 129.6 | C29: Bank fees | D29: Code 107 | F29: =Payments!N7 -> 128.8 | H29: 150 | J29: 150
A30: 2264 | C30: Village Hall hire | D30: Code 108 | F30: =Payments!O7 -> 1345 | H30: 2500 | J30: 2500
C31: Royal British Legion | D31: Code 109 | H31: 50 | J31: 50 | L31: Payment Missed 2022!
A32: 22.5 | C32: Training fees | D32: Code 110 | H32: 100 | J32: 100
A33: 80 | C33: Leases | D33: Code 111 | F33: =Payments!R7 -> 70 | H33: 100 | J33: 100
C34: Computer/Projection | D34: Code 113 | J34: 1500 | L34: Ringfence unspent towards replacements
A35: 7797.64 | C35: NP | D35: Code 114 | F35: =Payments!T7 -> 14350.97 | H35: 10000 | J35: 0
A36: 919 | C36: YLCA | D36: Code 201 | F36: =Payments!U7 -> 1868 | H36: 950 | J36: 1000 | L36: Paid Twice/Refund in income!
A37: 36 | C37: CPRE | D37: Code 202 | H37: 40 | J37: 40
C38: Outreach | D38: Code 203
A39: 28 | C39: River Foss | D39: Code 204 | F39: =Payments!X7 -> 33 | H39: 30 | J39: 30
C40: ICO | D40: Code 205 | F40: =Payments!Y7 -> 35 | H40: 35 | J40: 35
A41: 1921 | C41: Defibrillator | D41: Code 301 | F41: =Payments!Z7 -> 1590.9 | H41: 150 | J41: 150 | L41: Ringfence unspent towards replacements
A42: 7601 | C42: Grass Cutting | D42: Code 302 | F42: =Payments!AA7 -> 12330 | H42: 12000 | J42: 15000 | L42: Extras
C43: Christmas Trees | D43: Code 303
A44: 83.1 | C44: Floral Displays | D44: Code 304 | F44: =Payments!AC7 -> 3058.23 | H44: 500 | J44: 1000 | L44: Handyman?
C45: Carnival | D45: Code 305
A46: 1843.42 | C46: Open Spaces | D46: Code 306 | F46: =Payments!AE7 -> 300 | H46: 3000 | J46: 5000 | L46: Ringfence unspent towards maintenance
A47: 2291.5 | C47: Play Equipment | D47: Code 307 | F47: =Payments!AF7 -> 334 | H47: 10000 | J47: 20000 | L47: Ringfence unspent towards repairs/renewals
A48: 320 | C48: War Memorial | D48: Code 308 | F48: =Payments!AG7 -> 1816.8 | H48: 2500 | J48: 2500 | L48: Ringfence unspent towards maintenance
A49: 3878 | C49: Tree Work | D49: Code 309 | F49: =Payments!AH7 -> 4516 | H49: 5000 | J49: 15000 | L49: Year 2 Tree Works
C50: Litter Bins | D50: Code 401
C51: Dog Bins | D51: Code 402
C52: Notice Boards | D52: Code 403
C53: Seats/benches | D53: Code 404 | F53: =Payments!AL7 -> 480 | J53: 0 | L53: Paid for by WI
C54: Salt bins/salt | D54: Code 405
A55: 171 | C55: Bus shelter | D55: Code 406
C56: Community Speedwatch | D56: Code 408
A57: 3028.64 | C57: Grants | D57: Code 409 | F57: =Payments!AD7 -> 1016.8 | J57: 5000 | L57: To build up fund for grant giving
A58: 4207.04 | C58: Cemetery | D58: Code 410 | F58: =Payments!AQ7 -> 2447.7 | H58: 5000 | J58: 5000
C59: S106
C60: S137
A61: 2155 | C61: VAT To Reclaim | F61: =Payments!AV7 -> 7455.77
A62: =SUM(A22:A61) -> 56864.64 | C62: Total Expenditure | F62: =SUM(F22:F61) -> 71603.71 | H62: =SUM(H22:H61) -> 70005 | J62: =SUM(J22:J61) -> 92555
A64: =A19-A62 -> 19631.97 | C64: Surplus/(Deficit) | F64: =F19-F62 -> 9936.95 | H64: =H19-H62 -> -16005 | J64: =J19-J62 -> -38555
F66: =Receipts!E6-Payments!F7 -> 9936.95
F67: =F64-F66 -> 0

Sheet Payroll
A1: Year | B1: Date | C1: Month | D1: Employee | E1: Eers NIC | F1: Gross | G1: PAYE | H1: Ees NIC | I1: Net | K1: Clerk | L1: Paid | O1: Due | P1: HMRC | Q1: Paid
A2: 2017/18 | B2: 42826 | C2: 1 | D2: Nunn S | E2: 26.36 | F2: 871.03 | G2: 93.6 | H2: 0 | I2: =F2-G2-H2 -> 777.43 | K2: 777.43 | L2: 42845 | M2: =I2-K2 -> 0
A3: 2017/18 | B3: 42856 | C3: 2 | D3: Nunn S | E3: 26.36 | F3: 871.03 | G3: 99.6 | H3: 0 | I3: =F3-G3-H3 -> 771.43 | K3: 777.43 | L3: 42877 | M3: =I3-K3 -> -6
A4: 2017/18 | B4: 42887 | C4: 3 | D4: Nunn S | E4: 26.36 | F4: 871.03 | G4: 99.6 | H4: 0 | I4: =F4-G4-H4 -> 771.43 | K4: 771.43 | L4: 42906 | M4: =I4-K4 -> 0 | O4: =E2+E3+E4+G2+G3+G4 -> 371.88 | P4: 371.88 | Q4: 201258
A5: 2017/18 | B5: 42917 | C5: 4 | D5: Nunn S | E5: 26.36 | F5: 871.03 | G5: 99.6 | H5: 0 | I5: =F5-G5-H5 -> 771.43 | K5: 771.43 | L5: 42936 | M5: =I5-K5 -> 0
A6: 2017/18 | B6: 42948 | C6: 5 | D6: Nunn S | E6: 26.36 | F6: 871.03 | G6: 99.6 | H6: 0 | I6: =F6-G6-H6 -> 771.43 | K6: 771.43 | L6: 42968 | M6: =I6-K6 -> 0
A7: 2017/18 | B7: 42979 | C7: 6 | D7: Nunn S | E7: 26.36 | F7: 871.03 | G7: 99.6 | H7: 0 | I7: =F7-G7-H7 -> 771.43 | K7: 771.43 | L7: 42998 | M7: =I7-K7 -> 0 | O7: =E5+E6+E7+G5+G6+G7 -> 377.88 | P7: 377.88 | Q7: 201280
A8: 2017/18 | B8: 43009 | C8: 7 | D8: Nunn S | E8: 26.36 | F8: 871.03 | G8: 99.6 | H8: 0 | I8: =F8-G8-H8 -> 771.43 | K8: 771.43 | L8: 43028 | M8: =I8-K8 -> 0
A9: 2017/18 | B9: 43040 | C9: 8 | D9: Nunn S | E9: 47.17 | F9: 1021.8 | G9: 129.8 | H9: 0 | I9: =F9-G9-H9 -> 892 | K9: 771.43 | L9: 43059 | M9: =I9-K9 -> 120.57
A10: 2017/18 | B10: 43070 | C10: 9 | D10: Nunn S | E10: 26.36 | F10: 871.03 | G10: 99.6 | H10: 0 | I10: =F10-G10-H10 -> 771.43 | K10: 771.43 | L10: 43089 | M10: =I10-K10 -> 0 | O10: =E8+E9+E10+G8+G9+G10 -> 428.89 | P10: 428.89 | Q10: 201314
A11: 2017/18 | B11: 43101 | C11: 10 | D11: Nunn S | F11: 339.22 | G11: 0 | H11: 0 | I11: =F11-G11-H11 -> 339.22 | K11: 339.22 | L11: 201321 | M11: =I11-K11 -> 0
A12: 2017/18 | B12: 43101 | C12: 10 | D12: Hill F | E12: 22.52 | F12: 843.23 | G12: 168.6 | H12: 19.59 | I12: =F12-G12-H12 -> 655.04 | K12: 655.04 | L12: 43125 | M12: =I12-K12 -> 0
A13: 2017/18 | B13: 43132 | C13: 11 | D13: Nunn S | F13: 1812.5 | G13: 288 | H13: 0 | I13: =F13-G13-H13 -> 1524.5 | K13: 1524.5 | L13: 201340 | M13: =I13-K13 -> 0
A14: 2017/18 | B14: 43132 | C14: 11 | D14: Hill F | E14: 178.8 | F14: 843.23 | G14: 168.6 | H14: 19.59 | I14: =F14-G14-H14 -> 655.04 | K14: 655.04 | L14: 43157 | M14: =I14-K14 -> 0
A15: 2017/18 | B15: 43160 | C15: 12 | D15: Hill F | F15: 843.23 | G15: 168.6 | H15: 19.59 | I15: =F15-G15-H15 -> 655.04 | K15: 655.04 | L15: 43185 | M15: =I15-K15 -> 0 | O15: 1053.89 | P15: 1053.89 | Q15: 201359
E16: =SUM(E2:E15) -> 459.37 | F16: =SUM(F2:F15) -> 12671.45 | G16: =SUM(G2:G15) -> 1714.4 | H16: =SUM(H2:H15) -> 58.77 | I16: =SUM(I2:I15) -> 10898.28 | K16: =SUM(K2:K15) -> 10783.71 | M16: =SUM(M2:M15) -> 114.57 | O16: =SUM(O2:O15) -> 2232.54 | P16: =SUM(P2:P15) -> 2232.54
G17: =E16+G16+H16 -> 2232.54 | K17: =I16-K16 -> 114.57 | M17: =K17-M16 -> -3.4106051e-13 | O17: =G17-O16 -> 0 | P17: =O16-P16 -> 0
K18: Paid
K19: Cheque
K20: 201298
A24: Year | B24: Date | C24: Month | D24: Employee | E24: Eers NIC | F24: Gross | G24: PAYE | H24: Ees NIC | I24: Net | K24: Clerk | L24: Paid | O24: Due | P24: HMRC | Q24: Paid | S24: 43398 | T24: 655.04
A25: 2018/19 | B25: 43191 | C25: 1 | D25: Hill F | E25: 19.49 | F25: 843.23 | G25: 168.6 | H25: 16.95 | I25: =F25-G25-H25 -> 657.68 | K25: 655.04 | L25: 43215 | M25: =I25-K25 -> 2.64 | S25: 43399 | T25: 175.57
A26: 2018/19 | B26: 43221 | C26: 2 | D26: Hill F | E26: 19.49 | F26: 843.23 | G26: 168.6 | H26: 16.95 | I26: =F26-G26-H26 -> 657.68 | K26: 655.04 | L26: 43245 | M26: =I26-K26 -> 2.64 | T26: =SUM(T24:T25) -> 830.61
A27: 2018/19 | B27: 43252 | C27: 3 | D27: Hill F | E27: 19.49 | F27: 843.23 | G27: 168.6 | H27: 16.95 | I27: =F27-G27-H27 -> 657.68 | K27: 655.04 | L27: 43276 | M27: =I27-K27 -> 2.64 | O27: =E25+G25+H25+E26+G26+H26+E27+G27+H27 -> 615.12 | P27: 581.4 | Q27: 43332
A28: 2018/19 | B28: 43282 | C28: 4 | D28: Hill F | E28: 23.33 | F28: 871.1 | G28: 174.2 | H28: 20.29 | I28: =F28-G28-H28 -> 676.61 | K28: 655.04 | L28: 43306 | M28: =I28-K28 -> 21.57 | S28: 43490 | T28: 655.04
A29: 2018/19 | B29: 43313 | C29: 5 | D29: Hill F | E29: 23.33 | F29: 871.1 | G29: 174.2 | H29: 20.29 | I29: =F29-G29-H29 -> 676.61 | K29: 655.04 | L29: 43340 | M29: =I29-K29 -> 21.57 | S29: 43493 | T29: 1
A30: 2018/19 | B30: 43344 | C30: 6 | D30: Hill F | E30: 23.33 | F30: 871.1 | G30: 174.2 | H30: 20.29 | I30: =F30-G30-H30 -> 676.61 | K30: 655.04 | L30: 43368 | M30: =I30-K30 -> 21.57 | O30: =E28+G28+H28+E29+G29+H29+E30+G30+H30 -> 653.46 | P30: =O27+O30-P27 -> 687.18 | Q30: 43502 | S30: 43516 | T30: 99.37
A31: 2018/19 | B31: 43374 | C31: 7 | D31: Hill F | E31: 39.89 | F31: 991.07 | G31: 198.4 | H31: 34.69 | I31: =F31-G31-H31 -> 757.98 | K31: =T26 -> 830.61 | L31: See Notes | M31: =I31-K31 -> -72.63 | T31: =SUM(T28:T30) -> 755.41
A32: 2018/19 | B32: 43405 | C32: 8 | D32: Hill F | E32: 25.74 | F32: 888.51 | G32: 177.6 | H32: 22.38 | I32: =F32-G32-H32 -> 688.53 | K32: 655.04 | L32: 43430 | M32: =I32-K32 -> 33.49
A33: 2018/19 | B33: 43435 | C33: 9 | D33: Hill F | E33: 25.74 | F33: 888.51 | G33: 177.8 | H33: 22.38 | I33: =F33-G33-H33 -> 688.33 | K33: 655.04 | L33: 43461 | M33: =I33-K33 -> 33.29 | O33: =E31+G31+H31+E32+G32+H32+E33+G33+H33 -> 724.62 | S33: Parish Clerk Paid Post YE
A34: 2018/19 | B34: 43466 | C34: 10 | D34: Hill F | E34: 25.74 | F34: 888.51 | G34: 177.6 | H34: 22.38 | I34: =F34-G34-H34 -> 688.53 | K34: =T31 -> 755.41 | L34: See Notes | M34: =I34-K34 -> -66.88
A35: 2018/19 | B35: 43497 | C35: 10 | D35: Hill F | E35: 25.74 | F35: 888.51 | G35: 177.8 | H35: 22.38 | I35: =F35-G35-H35 -> 688.33 | K35: 655.04 | L35: 43521 | M35: =I35-K35 -> 33.29 | S35: HMRC Paid Post YE
A36: 2018/19 | B36: 43525 | C36: 11 | D36: Hill F | E36: 25.74 | F36: 888.51 | G36: 177.6 | H36: 22.38 | I36: =F36-G36-H36 -> 688.53 | K36: 655.04 | L36: 43549 | M36: =I36-K36 -> 33.49 | O36: =E34+G34+H34+E35+G35+H35+E36+G36+H36 -> 677.36
E37: =SUM(E25:E36) -> 297.05 | F37: =SUM(F25:F36) -> 10576.61 | G37: =SUM(G25:G36) -> 2115.2 | H37: =SUM(H25:H36) -> 258.31 | I37: =SUM(I25:I36) -> 8203.1 | K37: =SUM(K25:K36) -> 8136.42 | M37: =SUM(M25:M36) -> 66.68 | O37: =SUM(O25:O36) -> 2670.56 | P37: =SUM(P25:P36) -> 1268.58 | Q37: =O37-P37 -> 1401.98
G38: =E37+G37+H37 -> 2670.56 | Q38: Paid 05Jun19
B41: Date | C41: Month | D41: Employee | E41: Eers NIC | F41: Gross | G41: PAYE | H41: Ees NIC | I41: Net | K41: Clerk | L41: Paid | O41: Due | P41: HMRC | Q41: Paid
A42: 2019/20 | B42: 43556 | C42: 1 | D42: Hill F | E42: 26.6 | F42: 911.73 | G42: 182.2 | H42: 23.13 | I42: =F42-G42-H42 -> 706.4 | K42: 655.04 | L42: 43580 | M42: =I42-K42 -> 51.36 | O42: =E42+G42+H42 -> 231.93
A43: 2019/20 | B43: 43586 | C43: 2 | D43: Hill F | E43: 26.6 | F43: 911.73 | G43: 182.4 | H43: 23.13 | I43: =F43-G43-H43 -> 706.2 | K43: 655.04 | L43: 43613 | M43: =I43-K43 -> 51.16 | O43: =E43+G43+H43 -> 232.13
A44: 2019/20 | K44: 102.52 | L44: 39969 | M44: =I44-K44 -> -102.52 | O44: =E44+G44+H44 -> 0
A45: 2019/20 | B45: 43617 | C45: 3 | D45: Hill F | E45: 26.6 | F45: 911.73 | G45: 182.4 | H45: 23.13 | I45: =F45-G45-H45 -> 706.2 | K45: 706.2 | L45: 43641 | M45: =I45-K45 -> 0 | O45: =E45+G45+H45 -> 232.13
A46: 2019/20 | B46: 43647 | C46: 4 | D46: Hill F | E46: 26.6 | F46: 911.73 | G46: 182.2 | H46: 23.13 | I46: =F46-G46-H46 -> 706.4 | K46: 706.2 | L46: 43671 | M46: =I46-K46 -> 0.2 | O46: =E46+G46+H46 -> 231.93 | P46: =SUM(O42:O45) -> 696.19 | Q46: 43651 | S46: Gross Pay | T46: =E55+F55 -> 11259.96
A47: 2019/20 | B47: 43678 | C47: 5 | D47: Hill F | E47: 26.6 | F47: 911.73 | G47: 182.4 | H47: 23.13 | I47: =F47-G47-H47 -> 706.2 | K47: 706.2 | L47: 43704 | M47: =I47-K47 -> 0 | O47: =E47+G47+H47 -> 232.13 | S47: Cash Book | T47: =Payments!G7-Payments!#REF! -> #REF!
A48: 2019/20 | B48: 43709 | C48: 6 | D48: Hill F | E48: 26.6 | F48: 911.73 | G48: 182.4 | H48: 23.13 | I48: =F48-G48-H48 -> 706.2 | K48: 706.2 | L48: 43733 | M48: =I48-K48 -> 0 | O48: =E48+G48+H48 -> 232.13 | P48: =SUM(O46:O48) -> 696.19 | Q48: 43738 | T48: =T46-T47 -> #REF!
A49: 2019/20 | B49: 43739 | C49: 7 | D49: Hill F | E49: 26.6 | F49: 911.73 | G49: 182.4 | H49: 23.13 | I49: =F49-G49-H49 -> 706.2 | K49: 706.2 | L49: 43763 | M49: =I49-K49 -> 0 | O49: =E49+G49+H49 -> 232.13
A50: 2019/20 | B50: 43770 | C50: 8 | D50: Hill F | E50: 26.6 | F50: 911.73 | G50: 182.2 | H50: 23.13 | I50: =F50-G50-H50 -> 706.4 | K50: 706.2 | L50: 43794 | M50: =I50-K50 -> 0.2 | O50: =E50+G50+H50 -> 231.93 | S50: Clerk To Pay | T50: =M55 -> 0.4
A51: 2019/20 | B51: 43800 | C51: 9 | D51: Hill F | E51: 26.6 | F51: 911.73 | G51: 182.4 | H51: 23.13 | I51: =F51-G51-H51 -> 706.2 | K51: 706.2 | L51: 43824 | M51: =I51-K51 -> 0 | O51: =E51+G51+H51 -> 232.13 | P51: =SUM(O49:O51) -> 696.19 | Q51: Paid Apr20 | S51: HMRC To Pay | T51: =Q55 -> 0
A52: 2019/20 | B52: 43831 | C52: 10 | D52: Hill F | E52: 26.6 | F52: 911.73 | G52: 182.4 | H52: 23.13 | I52: =F52-G52-H52 -> 706.2 | K52: 706.2 | L52: 43855 | M52: =I52-K52 -> 0 | O52: =E52+G52+H52 -> 232.13 | T52: =SUM(T50:T51) -> 0.4
A53: 2019/20 | B53: 43862 | C53: 10 | D53: Hill F | E53: 26.6 | F53: 911.73 | G53: 182.4 | H53: 23.13 | I53: =F53-G53-H53 -> 706.2 | K53: 706.2 | L53: 43886 | M53: =I53-K53 -> 0 | O53: =E53+G53+H53 -> 232.13
A54: 2019/20 | B54: 43891 | C54: 11 | D54: Hill F | E54: 26.6 | F54: 911.73 | G54: 182.4 | H54: 23.13 | I54: =F54-G54-H54 -> 706.2 | K54: 706.2 | L54: 43915 | M54: =I54-K54 -> 0 | O54: =E54+G54+H54 -> 232.13 | P54: =SUM(O52:O54) -> 696.39 | Q54: Paid Apr20 | S54: Diff | T54: =T48-T52 -> #REF! | U54: To Pay
E55: =SUM(E42:E54) -> 319.2 | F55: =SUM(F42:F54) -> 10940.76 | G55: =SUM(G42:G54) -> 2188.2 | H55: =SUM(H42:H54) -> 277.56 | I55: =SUM(I42:I54) -> 8475 | K55: =SUM(K42:K54) -> 8474.6 | M55: =SUM(M42:M54) -> 0.4 | O55: =SUM(O42:O54) -> 2784.96 | P55: =SUM(P42:P54) -> 2784.96 | Q55: =O55-P55 -> 0
B58: Date | C58: Month | D58: Employee | E58: Eers NIC | F58: Gross | G58: PAYE | H58: Ees NIC | I58: Net | K58: Clerk | L58: Paid | O58: Due | P58: HMRC | Q58: Paid
A59: 2020/21 | B59: 43922 | C59: 1 | D59: Hill F | E59: 24.8 | F59: 911.73 | G59: 182.2 | H59: 14.37 | I59: =F59-G59-H59 -> 715.16 | K59: 706.2 | L59: 43948
A60: 2020/21 | B60: 43952 | C60: 2 | D60: Hill F | E60: 24.8 | F60: 911.73 | G60: 182.4 | H60: 14.37 | I60: =F60-G60-H60 -> 714.96 | K60: 706.2 | L60: 43977
A61: 2020/21 | B61: 43983 | C61: 3 | D61: Hill F | E61: 24.8 | F61: 911.73 | G61: 182.4 | H61: 14.37 | I61: =F61-G61-H61 -> 714.96 | K61: 706.2 | L61: 44007 | O61: =E59+E60+E61+G59+G60+G61+H59+H60+H61 -> 664.51 | P61: 664.51 | Q61: 44018 | T61: Gross | U61: =E71+F71 -> 11579.25
A62: 2020/21 | B62: 44013 | C62: 4 | D62: Hill F | E62: 24.8 | F62: 911.73 | G62: 182.2 | H62: 14.37 | I62: =F62-G62-H62 -> 715.16 | K62: 706.2 | L62: 44039 | T62: Net | U62: =I71 -> 8784.33
A63: 2020/21 | B63: 44044 | C63: 5 | D63: Hill F | E63: 24.8 | F63: 911.73 | G63: 182.4 | H63: 14.37 | I63: =F63-G63-H63 -> 714.96 | K63: 706.2 | L63: 44068 | T63: HMRC | U63: =O71 -> 2794.92
A64: 2020/21 | B64: 44075 | C64: 6 | D64: Hill F | E64: 45.47 | F64: 1061.49 | G64: 212.4 | H64: 32.34 | I64: =F64-G64-H64 -> 816.75 | K64: 1706.2 | L64: 25&30 /09/2020 | O64: =E62+E63+E64+G62+G63+G64+H62+H63+H64 -> 733.15 | P64: 733.15 | Q64: 44102 | U64: =U61-U62-U63 -> 0
A65: 2020/21 | B65: 44105 | C65: 7 | D65: Hill F | E65: 28.25 | F65: 936.69 | G65: 187.2 | H65: 17.36 | I65: =F65-G65-H65 -> 732.13 | K65: =506.2+706.2 -> 1212.4 | L65: 19&26/10/2020
A66: 2020/21 | B66: 44136 | C66: 8 | D66: Hill F | E66: 28.25 | F66: 936.69 | G66: 187.4 | H66: 17.36 | I66: =F66-G66-H66 -> 731.93 | K66: 467.05 | L66: 44144 | T66: Paid | U66: =Payments!G7 -> 13657.1
A67: 2020/21 | B67: 44166 | C67: 9 | D67: Hill F | E67: 28.25 | F67: 936.69 | G67: 187.4 | H67: 17.36 | I67: =F67-G67-H67 -> 731.93 | K67: 467.02 | L67: 44167 | O67: =E65+E66+E67+G65+G66+G67+H65+H66+H67 -> 698.83 | P67: 698.83 | Q67: 44204 | T67: Last Year | U67: =-Payments!#REF!-Payments!#REF! -> #REF!
A68: 2020/21 | B68: 44197 | C68: 10 | D68: Hill F | E68: 28.25 | F68: 936.69 | G68: 187.2 | H68: 17.36 | I68: =F68-G68-H68 -> 732.13 | K68: 467.02 | L68: 44186 | T68: To Pay | U68: 0
A69: 2020/21 | B69: 44228 | C69: 10 | D69: Hill F | E69: 28.25 | F69: 936.69 | G69: 187.2 | H69: 17.36 | I69: =F69-G69-H69 -> 732.13 | K69: 467.02 | L69: 44214 | T69: To Pay | U69: =P70 -> 698.42
A70: 2020/21 | B70: 44256 | C70: 11 | D70: Hill F | E70: 28.25 | F70: 936.69 | G70: 187.2 | H70: 17.36 | I70: =F70-G70-H70 -> 732.13 | K70: 466.62 | L70: 44235 | O70: =E68+E69+E70+G68+G69+G70+H68+H69+H70 -> 698.43 | P70: 698.42 | Q70: 44307 | U70: =U66+U68+U69+U67 -> #REF!
E71: =SUM(E59:E70) -> 338.97 | F71: =SUM(F59:F70) -> 11240.28 | G71: =SUM(G59:G70) -> 2247.6 | H71: =SUM(H59:H70) -> 208.35 | I71: =SUM(I59:I70) -> 8784.33 | K71: =SUM(K59:K70) -> 8784.33 | O71: =SUM(O59:O70) -> 2794.92 | P71: =SUM(P59:P70) -> 2794.91
U72: =U61-U70 -> #REF!
K73: =I71-K71 -> 0 | P73: =O71-P71 -> 0.01
B76: Date | C76: Month | D76: Employee | E76: Eers NIC | F76: Gross | G76: PAYE | H76: Ees NIC | I76: Net | K76: Clerk | L76: Paid | O76: Due | P76: HMRC | Q76: Paid
A77: 2021/22 | B77: 44287 | C77: 1 | D77: Hill F | E77: 27.56 | F77: 936.69 | G77: 187.2 | H77: 16.76 | I77: =F77-G77-H77 -> 732.73 | K77: 732.13 | L77: 44353
A78: 2021/22 | B78: 44317 | C78: 2 | D78: Hill F | E78: 27.56 | F78: 936.69 | G78: 187.4 | H78: 16.76 | I78: =F78-G78-H78 -> 732.53 | K78: 732.13 | L78: 44322
A79: 2021/22 | B79: 44348 | C79: 3 | D79: Hill F | E79: 27.56 | F79: 936.69 | G79: 187.4 | H79: 16.76 | I79: =F79-G79-H79 -> 732.53 | K79: 732.13 | L79: 44353 | O79: =E77+E78+E79+G77+G78+G79+H77+H78+H79 -> 694.96 | P79: 694.96 | Q79: 44431
A80: 2021/22 | B80: 44378 | C80: 4 | D80: Hill F | E80: 27.56 | F80: 936.69 | G80: 187.2 | H80: 16.76 | I80: =F80-G80-H80 -> 732.73 | K80: 732.13 | L80: 44383
A81: 2021/22 | B81: 44409 | C81: 5 | D81: Hill F | E81: 27.56 | F81: 936.69 | G81: 187.4 | H81: 16.76 | I81: =F81-G81-H81 -> 732.53 | K81: 732.13 | L81: 44414
A82: 2021/22 | B82: 44440 | C82: 6 | D82: Hill F | E82: 27.56 | F82: 936.69 | G82: 187.4 | H82: 16.76 | I82: =F82-G82-H82 -> 732.53 | K82: 732.13 | L82: 44445 | O82: =E80+E81+E82+G80+G81+G82+H80+H81+H82 -> 694.96 | P82: 694.96 | Q82: 44490
A83: 2021/22 | B83: 44470 | C83: 7 | D83: Hill F | E83: 27.56 | F83: 936.69 | G83: 187.4 | H83: 16.76 | I83: =F83-G83-H83 -> 732.53 | K83: 732.13 | L83: 44475
A84: 2021/22 | B84: 44501 | C84: 8 | D84: Hill F | E84: 27.56 | F84: 936.69 | G84: 187.4 | H84: 16.76 | I84: =F84-G84-H84 -> 732.53 | K84: 732.13 | L84: 44508
A85: 2021/22 | B85: 44531 | C85: 9 | D85: Hill F | E85: 27.56 | F85: 936.69 | G85: 187.4 | H85: 16.76 | I85: =F85-G85-H85 -> 732.53 | K85: 732.13 | L85: 44536 | O85: =E83+E84+E85+G83+G84+G85+H83+H84+H85 -> 695.16 | P85: 695.16 | Q85: 44915
A86: 2021/22 | B86: 44562 | C86: 10 | D86: Hill F | E86: 27.56 | F86: 936.69 | G86: 187.2 | H86: 16.76 | I86: =F86-G86-H86 -> 732.73 | K86: 732.13 | L86: 44567
A87: 2021/22 | B87: 44593 | C87: 10 | D87: Hill F | E87: 27.56 | F87: 936.69 | G87: 187.4 | H87: 16.76 | I87: =F87-G87-H87 -> 732.53 | K87: 732.13 | L87: 44599
A88: 2021/22 | B88: 44621 | C88: 11 | D88: Hill F | E88: 27.56 | F88: 936.69 | G88: 187.4 | H88: 16.76 | I88: =F88-G88-H88 -> 732.53 | K88: 732.13 | L88: 44627 | O88: =E86+E87+E88+G86+G87+G88+H86+H87+H88 -> 694.96 | P88: 694.96 | Q88: Paid 09/05/22
E89: =SUM(E77:E88) -> 330.72 | F89: =SUM(F77:F88) -> 11240.28 | G89: =SUM(G77:G88) -> 2248.2 | H89: =SUM(H77:H88) -> 201.12 | I89: =SUM(I77:I88) -> 8790.96 | K89: =SUM(K77:K88) -> 8785.56 | O89: =SUM(O77:O88) -> 2780.04 | P89: =SUM(P77:P88) -> 2780.04
F91: =F89+E89 -> 11571 | K91: =I89-K89 -> 5.4 | P91: =O89-P89 -> 0
B94: Date | C94: Month | D94: Employee | E94: Eers NIC | F94: Gross | G94: PAYE | H94: Ees NIC | I94: Net | K94: Clerk | L94: Paid | O94: Due | P94: HMRC | Q94: Paid
A95: 2022/23 | B95: 44652 | C95: 1 | D95: Hill F | E95: 26.89 | F95: 936.69 | G95: 187.2 | H95: 15.06 | I95: =F95-G95-H95 -> 734.43 | K95: 732.13 | L95: 44657
A96: 2022/23 | B96: 44682 | C96: 2 | D96: Hill F | E96: 26.89 | F96: 936.69 | G96: 187.4 | H96: 15.06 | I96: =F96-G96-H96 -> 734.23 | K96: 732.13 | L96: 44687
K97: 5.4 | L97: 44690
A98: 2022/23 | B98: 44713 | C98: 3 | D98: Hill F | E98: 26.89 | F98: 936.69 | G98: 187.4 | H98: 15.06 | I98: =F98-G98-H98 -> 734.23 | K98: 732.13 | L98: 44718 | O98: =E95+E96+E98+G95+G96+G98+H95+H96+H98 -> 687.85 | P98: 694.96 | Q98: 44795
A99: 2022/23 | B99: 44743 | C99: 4 | D99: Hill F | E99: 26.89 | F99: 936.69 | G99: 187.2 | H99: 15.06 | I99: =F99-G99-H99 -> 734.43 | K99: 732.13 | L99: 44748
A100: 2022/23 | B100: 44774 | C100: 5 | D100: Hill F | E100: 26.89 | F100: 936.69 | G100: 187.4 | H100: 15.06 | I100: =F100-G100-H100 -> 734.23 | K100: 732.13 | L100: 44779
A101: 2022/23 | B101: 44805 | C101: 6 | D101: Hill F | E101: 26.89 | F101: 936.69 | G101: 187.4 | H101: 15.06 | I101: =F101-G101-H101 -> 734.23 | K101: 732.13 | L101: 44810 | O101: =E99+E100+E101+G99+G100+G101+H99+H100+H101 -> 687.85 | P101: 680.74 | Q101: 44848
A102: 2022/23 | B102: 44835 | C102: 7 | D102: Hill F | E102: 26.89 | F102: 936.69 | G102: 187.5 | H102: 15.06 | I102: =F102-G102-H102 -> 734.13 | K102: 732.13 | L102: 44840
A103: 2022/23 | B103: 44866 | C103: 8 | D103: Hill F | E103: 160.46 | F103: 1824.16 | G103: 364.8 | H103: 132.65 | I103: =F103-G103-H103 -> 1326.71 | K103: 732.13 | L103: 44872
K104: 594.58 | L104: 44869
A105: 2022/23 | B105: 44896 | C105: 9 | D105: Hill F | E105: 26.89 | F105: 1022.67 | G105: 204.6 | H105: 26.46 | I105: =F105-G105-H105 -> 791.61 | K105: 732.13 | L105: 44901 | O105: =E102+E103+E105+G102+G103+G105+H102+H103+H105 -> 1145.31 | P105: 1145.31 | Q105: 44946
A106: 2022/23 | B106: 44927 | C106: 10 | D106: Hill F | E106: 26.89 | F106: 1022.67 | G106: 204.6 | H106: 26.46 | I106: =F106-G106-H106 -> 791.61 | K106: 732.13 | L106: 44932
A107: 2022/23 | B107: 44958 | C107: 10 | D107: Hill F | E107: 26.89 | F107: 1022.67 | G107: 204.6 | H107: 26.46 | I107: =F107-G107-H107 -> 791.61 | K107: 732.13 | L107: 44963
A108: 2022/23 | B108: 44986 | C108: 11 | D108: Hill F | E108: 26.89 | F108: 1022.67 | G108: 204.4 | H108: 26.46 | I108: =F108-G108-H108 -> 791.81 | K108: 732.13 | L108: 44991 | O108: =E106+E107+E108+G106+G107+G108+H106+H107+H108 -> 773.65 | P108: 773.65 | Q108: 44977
K109: 247.72 | L109: 44977
E110: =SUM(E95:E109) -> 456.25 | F110: =SUM(F95:F109) -> 12471.67 | G110: =SUM(G95:G109) -> 2494.5 | H110: =SUM(H95:H109) -> 343.91 | I110: =SUM(I95:I109) -> 9633.26 | K110: =SUM(K95:K109) -> 9633.26 | O110: =SUM(O95:O109) -> 3294.66 | P110: =SUM(P95:P109) -> 3294.66
F112: =F110+E110 -> 12927.92 | K112: =I110-K110 -> 0 | P112: =O110-P110 -> 0
B115: Date | C115: Month | D115: Employee | E115: Eers NIC | F115: Gross | G115: PAYE | H115: Ees NIC | I115: Net | K115: Clerk | L115: Paid | O115: Due | P115: HMRC | Q115: Paid
...

Sheet VAT
A1: Vat Return | B1: Cemetery | C1: Current | D1: Total | F1: Refunded
A3: Apr23-Jun23 | B3: =Payments!AX12 -> 0 | C3: =Payments!AX56 -> 1016.52 | D3: =SUM(B3:C3) -> 1016.52 | F3: 1016.52 | G3: 45223
A5: Jul23-Sep23 | B5: =Payments!AX17 -> 379 | C5: =Payments!AX89 -> 1504.31 | D5: =SUM(B5:C5) -> 1883.31 | F5: 1883.31 | G5: 45239
A7: Oct23-Dec23 | B7: =Payments!AX23 -> 0 | C7: =Payments!AX116 -> 1156.29 | D7: =SUM(B7:C7) -> 1156.29 | F7: =Receipts!N87 -> 1156.29 | G7: 45324
A9: Jan24-Mar24 | B9: =Payments!AX30 -> 8.5 | C9: =Payments!AX144 -> 3391.15 | D9: =SUM(B9:C9) -> 3399.65 | F9: 3399.65 | G9: To Reclaim Apr24
A10: .
B11: =SUM(B3:B10) -> 387.5 | C11: =SUM(C3:C10) -> 7068.27 | D11: =SUM(D3:D9) -> 7455.77 | F11: =SUM(F3:F10) -> 7455.77
A13: Total Repayments VAT | D13: =Receipts!N6 -> 4433.55
A14: This Year | D14: =Receipts!N64+Receipts!N65+Receipts!N87 -> 4056.12
A15: Previous Year | D15: =Receipts!N58 -> 377.43
D16: =D13-D14-D15 -> 0
A18: This Year | D18: =D11 -> 7455.77
A19: Repaid | D19: =F11 -> 7455.77
A20: To Reclaim | D20: 0
D21: =D18-D19-D20 -> 0

Sheet Grants
B1: YE2018 | C1: YE2019 | D1: YE2020 | E1: YE2021 | F1: YE2022 | G1: YE2023 | H1: YE2024 | J1: YE2025 | L1: Note 1 - Minutes 10Oct23
L2: Note 2 - Minutes 14Nov23
A3: B/F | B3: 0 | C3: =B23 -> 2107 | D3: =C23 -> 4782.2 | E3: =D23 -> 6314.2 | F3: =E23 -> 5514.2 | G3: =F23 -> 5036.58 | H3: =G23 -> 3707.94 | J3: =H23 -> 2491.64
A5: Budget | B5: 5000 | C5: 5000 | D5: 5000 | G5: 2200 | H5: 0 | J5: 5000
A6: Budget - Carnival | E6: 1200 | F6: 1200
A7: Budget - Outreach
A8: Budget - Other
A9: Grant - Strensall Community Events Committee | F9: 1000
B10: =SUM(B5:B9) -> 5000 | C10: =SUM(C5:C9) -> 5000 | D10: =SUM(D5:D9) -> 5000 | E10: =SUM(E5:E9) -> 1200 | F10: =SUM(F5:F9) -> 2200 | G10: =SUM(G5:G9) -> 2200 | H10: =SUM(H5:H9) -> 0 | J10: =SUM(J5:J9) -> 5000
A12: Kidz Klub | B12: 1000 | C12: 1000 | D12: =1000-332 -> 668
A13: Library | B13: 525 | C13: 324
A14: Outreach | B14: 400 | D14: 1100
A15: Carnival | B15: 968 | C15: 1000.8 | D15: 1200 | G15: 1200 | H15: 316.3 | J15: 2000 | K15: Note 2
A16: Christmas Together | H16: 900 | I16: Note 1
A17: Grant - Strensall Community Events Committee | F17: 677.62 | G17: 828.64
A18: Churchyard | D18: 500 | G18: 1500
A19: Tennis Club | E19: 2000
A20: SCYSA | F20: 2000
B21: =SUM(B12:B20) -> 2893 | C21: =SUM(C12:C20) -> 2324.8 | D21: =SUM(D12:D20) -> 3468 | E21: =SUM(E12:E20) -> 2000 | F21: =SUM(F12:F20) -> 2677.62 | G21: =SUM(G12:G20) -> 3528.64 | H21: =SUM(H12:H20) -> 1216.3 | J21: =SUM(J12:J20) -> 2000
A23: C/F | B23: =B3+B5-B21 -> 2107 | C23: =C3+C5-C21 -> 4782.2 | D23: =D3+D5-D21 -> 6314.2 | E23: =E3+E10-E21 -> 5514.2 | F23: =F3+F10-F21 -> 5036.58 | G23: =G3+G10-G21 -> 3707.94 | H23: =H3+H10-H21 -> 2491.64 | J23: =J3+J10-J21 -> 5491.64

Sheet DT
A1: Question 1 - Describe | B1: Detail what cost is | K1: 13 | L1: 1200 | AN1: 1650
K2: 17 | L2: 1330 | AN2: 1300
A3: Question 2 - Net Cost | B3: See budget | K3: 28 | L3: 1360 | AN3: 144
K4: 35 | L4: 1410 | AN4: 380
A5: Question 3 - Equivalent | B5: CYC strategy | K5: 39 | L5: 1410 | AN5: 144
K6: 44 | L6: 300 | AN6: 898
A7: Question 4 - CYC Policy | B7: ?! | K7: 48 | L7: 1440
D8: DT Claim | G8: DT Claim | K8: 53 | L8: 1280
A9: Expenditure | C9: Budget | D9: No | E9: Yes | G9: Budget | H9: Yes | K9: 54 | L9: 200
A10: Clerks Salary | B10: Code 100 | C10: 12000 | D10: 12000 | G10: 12250 | K10: Grass Cutting | L10: =SUM(L1:L9) -> 9930
A11: Telephone/Broadband | B11: Code 101 | C11: 750 | D11: 750 | G11: 750
A12: Office expenses | B12: Code 102 | C12: 1200 | D12: 1200 | G12: 500
A13: Clerks expenses | B13: Code 103 | C13: 50 | D13: 50 | K13: 14 | L13: 1650
A14: Councillors expenses | B14: Code 104 | C14: 50 | D14: 50 | G14: 50 | K14: 18 | L14: 1300
A15: Audit | B15: Code 105 | C15: 1000 | D15: 1000 | G15: 500 | K15: 25 | L15: 144
A16: Insurance | B16: Code 106 | C16: 1900 | D16: 1900 | G16: 2576 | K16: 40 | L16: 380
A17: Bank fees | B17: Code 107 | C17: 20 | D17: 20 | G17: 150 | K17: 41 | L17: 144
A18: Village Hall hire | B18: Code 108 | C18: 2050 | D18: 2050 | G18: 2050 | K18: 50 | L18: 898
A19: Royal British Legion | B19: Code 109 | C19: 50 | D19: 50 | G19: 50 | K19: Tree Works | L19: =SUM(L13:L18) -> 4516
A20: Training fees | B20: Code 110 | C20: 1000 | D20: 1000 | G20: 22.5
A21: Leases | B21: Code 111 | C21: 100 | D21: 100 | G21: 100
A22: HMRC | B22: Code 113 | C22: 0 | D22: 0 | K22: Insurance -57 | L22: 2900.86
A23: NP | B23: Code 114 | C23: 0 | D23: 0 | G23: 2450
A24: YLCA | B24: Code 201 | C24: 900 | D24: 900 | G24: 920
A25: CPRE | B25: Code 202 | C25: 40 | D25: 40 | G25: 40 | K25: 30 | L25: 1541.8
A26: Outreach | B26: Code 203 | C26: 1100 | D26: 1100 | K26: 56 | L26: 275
A27: River Foss | B27: Code 204 | C27: 20 | D27: 20 | G27: 30 | K27: War Memorial | L27: =SUM(L25:L26) -> 1816.8
A28: ICO | B28: Code 205 | C28: 40 | D28: 40 | G28: 35
A29: Defibrillator | B29: Code 301 | C29: 100 | D29: 100 | G29: 150
A30: Grass Cutting | B30: Code 302 | C30: 7500 | E30: 7500 | G30: 10000 | H30: 10000 | K30: 8 | L30: 100
A31: Christmas Trees | B31: Code 303 | C31: 5000 | D31: 5000 | K31: 42 | L31: 234
A32: Floral Displays | B32: Code 304 | C32: 2000 | D32: 2000 | K32: Play Areas | L32: =SUM(L30:L31) -> 334
A33: Carnival | B33: Code 305 | C33: 1200 | D33: 1200
A34: Open Spaces | B34: Code 306 | C34: 2000 | E34: 2000 | G34: 3000 | H34: 3000
A35: Play Equipment | B35: Code 307 | C35: 5000 | E35: 5000 | G35: 3000 | H35: 3000 | K35: Open Spaces - 36 | L35: 300
A36: War Memorial | B36: Code 308 | C36: 0 | D36: 0 | G36: 500
A37: Tree Work | B37: Code 309 | C37: 5000 | E37: 5000 | G37: 5000 | H37: 5000 | L37: =L10+L19+L22+L27+L32+L35 -> 19797.66
A38: Litter Bins | B38: Code 401 | C38: 0 | D38: 0
A39: Dog Bins | B39: Code 402 | C39: 0 | D39: 0
A40: Notice Boards | B40: Code 403 | C40: 250 | D40: 250
A41: Seats/benches | B41: Code 404 | C41: 100 | D41: 100
A42: Salt bins/salt | B42: Code 405 | C42: 600 | E42: 600
A43: Bus shelter | B43: Code 406 | C43: 100 | D43: 100
A44: Community Speedwatch | B44: Code 408 | C44: 500 | D44: 500
A45: Grants | B45: Code 409 | C45: 1200 | D45: 1200 | G45: 2200
A46: Cemetery | B46: Code 410 | C46: 0 | G46: 5000
A47: S106
A48: S137
A49: Transfers
A50: VAT To Reclaim | G50: 3500
A51: Total Expenditure | C51: =SUM(C10:C50) -> 52820 | D51: =SUM(D10:D50) -> 32720 | E51: =SUM(E10:E50) -> 20100 | G51: =SUM(G10:G50) -> 54823.5 | H51: =SUM(H10:H50) -> 21000

Sheet Grass Cutting 
A1: Estimate | B1: 12200 | C1: Plus VAT | J1: Estimate | K1: 12200 | L1: Plus VAT
A3: Month | B3: Invoice | C3: Ref | D3: Basic | E3: Collecting | F3: Southfields | J3: Month | K3: Invoice | L3: Ref | M3: Basic | N3: Collecting | O3: Southfields
A4: 44927 | B4: - | C4: - | E4: - | F4: - | J4: 45292 | P4: =SUM(M4:O4) -> 0
A5: 44958 | B5: - | C5: - | E5: - | F5: - | J5: 45323 | K5: 18941 | M5: 2600 | P5: =SUM(M5:O5) -> 2600
A6: 44986 | B6: - | C6: - | E6: - | F6: - | J6: 45352 | P6: =SUM(M6:O6) -> 0
A7: 45017 | B7: 18323 | C7: 13 | D7: 1200 | E7: - | F7: - | G7: =SUM(D7:F7) -> 1200 | J7: 45383 | P7: =SUM(M7:O7) -> 0
A8: 45047 | B8: 18384 | C8: 17 | D8: 1200 | E8: 80 | F8: 50 | G8: =SUM(D8:F8) -> 1330 | J8: 45413 | P8: =SUM(M8:O8) -> 0
A9: 45078 | B9: 18434 | C9: 28 | D9: 1200 | E9: 160 | G9: =SUM(D9:F9) -> 1360 | J9: 45444 | P9: =SUM(M9:O9) -> 0
A10: 45108 | B10: 18534 | C10: 35 | D10: 1200 | E10: 160 | F10: 50 | G10: =SUM(D10:F10) -> 1410 | J10: 45474 | P10: =SUM(M10:O10) -> 0
A11: 45139 | B11: 18599 | C11: 39 | D11: 1200 | E11: 160 | F11: 50 | G11: =SUM(D11:F11) -> 1410 | J11: 45505 | P11: =SUM(M11:O11) -> 0
A12: 45170 | B12: 18681 | C12: 48 | D12: 1200 | E12: 160 | F12: 80 | G12: =SUM(D12:F12) -> 1440 | J12: 45536 | P12: =SUM(M12:O12) -> 0
A13: 45200 | B13: 18755 | C13: 53 | D13: 1200 | E13: 80 | F13: 0 | G13: =SUM(D13:F13) -> 1280 | J13: 45566 | P13: =SUM(M13:O13) -> 0
A14: 45231 | B14: 18812 | C14: 59 | D14: 1200 | E14: 0 | F14: 0 | G14: =SUM(D14:F14) -> 1200 | J14: 45597 | P14: =SUM(M14:O14) -> 0
A15: 45261 | B15: 18860 | C15: 73 | D15: 1200 | E15: 0 | F15: 0 | G15: =SUM(D15:F15) -> 1200 | J15: 45627 | P15: =SUM(M15:O15) -> 0
D16: =SUM(D7:D15) -> 10800 | E16: =SUM(E7:E15) -> 800 | F16: =SUM(F7:F15) -> 230 | G16: =SUM(G7:G15) -> 11830 | M16: =SUM(M4:M15) -> 2600 | N16: =SUM(N4:N15) -> 0 | O16: =SUM(O4:O15) -> 0 | P16: =SUM(P4:P15) -> 2600
C18: To Invoice | D18: =B1-D16 -> 1400 | G18: =Payments!AA7 -> 12330 | H18: Total Paid | L18: To Invoice | M18: =K1-M16 -> 9600 | P18: =Payments!AJ7 -> 0 | Q18: Total Paid
G19: -500 | H19: Kirklands
G20: 0 | H20: To Pay | P20: 2600 | Q20: To Pay
G21: =SUM(G18:G20) -> 11830 | P21: =SUM(P18:P20) -> 2600
